Workbook
Name salida: #REF!
Name Salida_P: #REF!
Name salida_Pi: #REF!
Name Salida_Pir: #REF!
Name salida_PIRAMIDE: #REF!

Sheet Índice
A3: ENCUESTA NACIONAL AGROPECUARIA - ENA
A5: Índice de cuadros de salida Indicador ODS 2.4.1 "Proporción de la superficie agrícola en que se practica una agricultura productiva y sostenible" Subindicadores del 2 al 11 para 31 departamentos 2023
A8: 0. | B8: Metodología ENA
A9: 1. | B9: Consideraciones Indicador ODS 2.4.1.
A10: 2. | B10: Indicador ODS 2.4.1 "Proporción de la superficie agrícola en que se practica una agricultura productiva y sostenible" Subindicadores del 2 al 11 para 31 departamentos
A11: 3. | B11: Tablero_ Nacional_2.4.1
A12: 4. | B12: Tablero_ Antioquia_ 2.4.1
A13: 5. | B13: Tablero_ Boyacá_ 2.4.1
A14: 6. | B14: Tablero_ Caldas_ 2.4.1
A15: 7. | B15: Tablero_ Cundinamarca_ 2.4.1
A16: 8. | B16: Tablero_ Huila_ 2.4.1
A17: 9. | B17: Tablero_Norte Santander_2.4.1
A18: 10. | B18: Tablero_Quindío_2.4.1
A19: 11. | B19: Tablero_Risaralda_2.4.1
... A36: 28. | B36: Tablero_Vichada _2.4.1
A37: 29 | B37: Tablero_Amazonas_2.4.1
A38: 30 | B38: Tablero_Caquetá _2.4.1
A39: 31 | B39: Tablero_Guainía_2.4.1
A40: 32 | B40: Tablero_Guaviare_2.4.1
A41: 33 | B41: Tablero_Putumayo _2.4.1
A42: 34 | B42: Tablero_Vaupes _2.4.1
A43: 35. | B43: Mapa_Sub2. Ingresos netos agríc
A44: 36. | B44: Mapa_Sub3. Mecan_mitigac_riesgo
A45: 37 | B45: Mapa_Sub4. Preval_degrad_suelo
A46: 38 | B46: Mapa_Sub5.Variac_disponib_agua
A47: 39 | B47: Mapa_Sub6_Gestión_fertilizantes
A48: 40 | B48: Mapa_Sub7_Gestión_plaguicidas
A49: 41 | B49: Mapa_Sub8_Uso_pract_Biodivers
A50: 42 | B50: Mapa_Sub9_Escala_salarios_agric
A51: 43 | B51: Mapa_Sub10_Escala_inseg_aliment
A52: 44 | B52: Mapa_Sub11_Seg_derec_ten_tierra
A55: Actualizado el 21 de octubre de 2026

Sheet Metodología ENA
N1: Regresar al índice
A3: ENCUESTA NACIONAL AGROPECUARIA
A5: Encuesta Nacional Agropecuaria ENA 2023
A6: Tipo de investigación
A7: La Encuesta Nacional Agropecuaria (ENA) es una encuesta por muestreo probabilístico a partir de un marco dual (áreas y lista) con recolección de información mediante entrevista directa a los productores agropecuarios.
A8: Objetivo general
A9: Estimar el uso del suelo, el área, la producción y el rendimiento de los principales cultivos transitorios, permanentes, árboles frutales dispersos, el área en pastos y forestal, la producción de leche y el inventario pecuario en 32 departamentos del territorio colombiano.
A10: Objetivos específicos
A11: • Estimar el tipo de uso del suelo. • Estimar el área sembrada de los cultivos transitorios y permanentes. • Estimar el área cosechada, la producción y el rendimiento de los cultivos transitorios y permanentes. • Estimar el área sembrada en pastos o forrajes y forestales. • Estimar la cantidad de plantas totales y en edad productiva y producción de los frutales dispersos. • Estimar el inventario bovino según orientación productiva, sexo y edad a nivel nacional y departamental, y la cantidad de cabezas de otras especies pecuarias por sexo. • Estimar el volumen y el destino de la producción de leche bovina el día anterior a la entrevista nivel nacional y departamental. • Estimar el inventario de aves y producción de huevos en economía campesina. • Investigar y estimar otras variables de estudio, entre las que se incluyen las relacionadas con la caracterización de la Unidades de Producción Agropecuaria (UPA) y de los productores.
A20: Universo de Estudio
A21: El universo de la Encuesta Nacional Agropecuaria (ENA) está constituido por el área rural dispersa del país de uso potencial agropecuario. Esta excluye las grandes superficies que no son utilizadas con fines agropecuarios, como las extensas áreas de bosques naturales y de cuerpos de agua.
A23: Población Objetivo
A24: La población objetivo de la Encuesta Nacional Agropecuaria (ENA) está constituido por el área rural dispersa del país de uso potencial agropecuario para el periodo de referencia. Esta excluye las grandes superficies que no son utilizadas con fines agropecuarios, como las extensas áreas de bosques naturales y de cuerpos de agua.
... A79: El operativo de recolección de información se realizó por regiones, por ello, a continuación se presenta la cobertura alcanzada para cada una de ellas, excluyendo la región 29 que corresponde al departamento de Chocó.
B80: REGIÓN | C80: Conglomerados de la muestra | D80: Conglomerados con novedad | E80: Cobertura efectiva | F80: Porcentaje de cobertura efectiva
B81: 1-BOYACÁ | C81: 641 | D81: 0 | E81: 641 | F81: 100
B82: 2-CUNDI-BOYACA | C82: 691 | D82: 2 | E82: 689 | F82: 99.710564
B83: 3-CUNDINAMARCA | C83: 705 | D83: 2 | E83: 703 | F83: 99.716312
B84: 4-HUILA | C84: 407 | D84: 35 | E84: 372 | F84: 91.400491
B85: 5-META-CASANARE | C85: 472 | D85: 22 | E85: 450 | F85: 95.338983
B86: 6-CAQUETA | C86: 151 | D86: 7 | E86: 144 | F86: 95.364238
B87: 7-VICHADA | C87: 159 | D87: 7 | E87: 152 | F87: 95.597484
B88: 8-AMAZONAS | C88: 24 | D88: 3 | E88: 21 | F88: 87.5
B89: 9-GUAINIA | C89: 23 | D89: 0 | E89: 23 | F89: 100
B90: 10-GUAVIARE | C90: 36 | D90: 1 | E90: 35 | F90: 97.2
B91: 11-VAUPES | C91: 22 | D91: 0 | E91: 22 | F91: 100
B92: 12-BOLIVAR-ATLANTICO | C92: 195 | D92: 12 | E92: 183 | F92: 93.846154
... B108: 28-SANTANDER | C108: 613 | D108: 14 | E108: 599 | F108: 97.71615
B109: TOTALES | C109: =SUM(C81:C108) -> 8532 | D109: =SUM(D81:D108) -> 306 | E109: =SUM(E81:E108) -> 8226 | F109: 96.416281
A111: Motivo de pérdida de muestra
A112: El siguiente cuadro presenta las novedades que impidieron realizar la recolección de información en algunos conglomerados de la muestra de la ENA 2023, de acuerdo con las regiones operativas incluidas en esta publicación.
B114: REGIÓN | C114: Conglomerados de la muestra | D114: NOVEDADES ENCUESTA NACIONAL AGROPECUARIA ENA 2023
D115: Rechazo | E115: Ausente temporal | F115: Difícil acceso | G115: Orden público | H115: Inundación | I115: Deslizamiento - derrumbe | J115: Otro | K115: Total
B116: 1-BOYACÁ | C116: 641 | K116: =SUM(D116:J116) -> 0
B117: 2-CUNDI-BOYACA | C117: 691 | F117: 1 | I117: 1 | K117: =SUM(D117:J117) -> 2
B118: 3-CUNDINAMARCA | C118: 705 | D118: 1 | F118: 1 | K118: =SUM(D118:J118) -> 2
B119: 4-HUILA | C119: 407 | F119: 1 | G119: 34 | K119: =SUM(D119:J119) -> 35
B120: 5-META-CASANARE | C120: 472 | D120: 8 | F120: 12 | G120: 2 | K120: =SUM(D120:J120) -> 22
B121: 6-CAQUETA | C121: 151 | G121: 7 | K121: =SUM(D121:J121) -> 7
B122: 7-VICHADA | C122: 159 | F122: 7 | K122: =SUM(D122:J122) -> 7
B123: 8-AMAZONAS | C123: 24 | G123: 3 | K123: =SUM(D123:J123) -> 3
B124: 9-GUAINIA | C124: 23 | K124: =SUM(D124:J124) -> 0
B125: 10-GUAVIARE | C125: 36 | G125: 1 | K125: =SUM(D125:J125) -> 1
B126: 11-VAUPES | C126: 22 | K126: =SUM(D126:J126) -> 0
B127: 12-BOLIVAR-ATLANTICO | C127: 195 | F127: 4 | G127: 3 | H127: 5 | K127: =SUM(D127:J127) -> 12
B128: 13-CESAR | C128: 241 | D128: 1 | K128: =SUM(D128:J128) -> 1
B129: 14-GUAJIRA-MAGDALENA | C129: 246 | F129: 6 | G129: 4 | H129: 2 | J129: 5 | K129: =SUM(D129:J129) -> 17
B130: 15-SUCRE | C130: 280 | K130: =SUM(D130:J130) -> 0
B131: 16-SAN ANDRES Y PROVIDENCIA | C131: 20 | F131: 2 | K131: =SUM(D131:J131) -> 2
B132: 17-CAUCA | C132: 320 | D132: 0 | G132: 8 | K132: =SUM(D132:J132) -> 8
B133: 18-NARIÑO | C133: 704 | D133: 1 | F133: 2 | G133: 10 | H133: 2 | K133: =SUM(D133:J133) -> 15
B134: 19-VALLE DEL CAUCA | C134: 277 | D134: 9 | G134: 5 | K134: =SUM(D134:J134) -> 14
B135: 20-PUTUMAYO | C135: 113 | G135: 8 | K135: =SUM(D135:J135) -> 8
B136: 21-CALDAS | C136: 150 | D136: 8 | K136: =SUM(D136:J136) -> 8
B137: 22-QUINDIO-RISARALDA | C137: 237 | K137: =SUM(D137:J137) -> 0
B138: 23-TOLIMA | C138: 372 | K138: =SUM(D138:J138) -> 0
B139: 24-ANTIOQUIA | C139: 607 | D139: 4 | F139: 1 | G139: 32 | I139: 1 | K139: =SUM(D139:J139) -> 38
B140: 25-CORDOBA-ANTIOQUIA | C140: 412 | F140: 8 | G140: 20 | H140: 1 | I140: 1 | K140: =SUM(D140:J140) -> 30
B141: 26-ARAUCA | C141: 132 | D141: 1 | F141: 2 | G141: 4 | H141: 2 | J141: 1 | K141: =SUM(D141:J141) -> 10
B142: 27-NORTE DE SANTANDER | C142: 282 | G142: 50 | K142: =SUM(D142:J142) -> 50
B143: 28-SANTANDER | C143: 613 | F143: 6 | I143: 7 | J143: 1 | K143: =SUM(D143:J143) -> 14
B144: TOTAL | C144: =SUM(C116:C143) -> 8532 | D144: =SUM(D116:D143) -> 33 | E144: =SUM(E116:E143) -> 0 | F144: =SUM(F116:F143) -> 53 | G144: =SUM(G116:G143) -> 191 | H144: =SUM(H116:H143) -> 12 | I144: =SUM(I116:I143) -> 10 | J144: =SUM(J116:J143) -> 7 | K144: =SUM(K116:K143) -> 306
B145: Porcentaje (%) | D145: 0.3867792 | E145: 0 | F145: 0.6211908 | G145: 2.223863 | H145: 0.140647 | I145: 0.1172058 | J145: 0.0820441 | K145: 3.586498
B146: Fuente: DANE, Encuesta Nacional Agropecuaria (ENA).
B148: Actualizado el 21 de octubre de 2026

Sheet Consideraciones Indicador 2.4.1
N1: Regresar al índice
A3: ENCUESTA NACIONAL AGROPECUARIA (ENA 2023)
A5: Indicador 2.4.1. "Proporción del área agrícola bajo agricultura productiva y sostenible"
A6: Se define como la “proporción de superficie agrícola en que se practica una agricultura productiva y sostenible”. Teniendo en cuenta que el aspecto más complejo del indicador ODS 2.4.1. consiste en la definición de agricultura productiva y sostenible, las investigaciones realizadas para su formulación reconocen que la sostenibilidad es un concepto multidimensional que debe reflejarse en la formulación del indicador. En consecuencia, el modelo adoptado para su medición incorpora las dimensiones económica, ambiental y social de la sostenibilidad. Para la estimación de esta publicación se aplicó lo establecido en la versión definitiva de la metodología aprobada y adoptada por la FAO. Las preguntas y opciones de respuesta incluidas en la Encuesta Nacional Agropecuaria de 2023 (ENA 2023) fueron diseñadas conforme a dichas directrices. De acuerdo con lo señalado en el documento “Proporción de superficie agrícola en que se practica una agricultura productiva y sostenible (Indicador 2.4.1 de los ODS)” (página 6), se emplea la siguiente terminología: ٠ Indicador: medida general de la agricultura sostenible. ٠ Dimensión: las dimensiones de la sostenibilidad: económica, ambiental y social. ٠ Temas: ámbitos específicos dentro de una dimensión (por ejemplo, la productividad de la tierra, la biodiversidad, el empleo digno, etc.). ٠ Subindicador: variable utilizada para medir el desempeño de la explotación agrícola en relación con un tema determinado. ٠ Criterios de sostenibilidad: valores críticos o límites con respecto a los que se evalúa el resultado de cada subindicador para clasificar a las explotaciones en función del grado de sostenibilidad. El ODS 2.4.1. se expresa con la siguiente fórmula:
A7: En dónde: Superficie en que se practica una agricultura productiva y sostenible: es la que se estima de acuerdo para cada subindicador de acuerdo con lo señalado en la nota metodológica. Superficie de tierra agrícola: se refiere a las tierras destinadas a la producción cultivos y a la ganadería. Superficie total de “tierras de cultivo” y “praderas y pastizales permanentes”. Año de referencia: 2023 En la siguiente tabla se presentan las temáticas, los subindicadores y las dimensiones correspondientes a cada uno de los once (11) subindicadores incluidos por la FAO para evaluar el grado de sostenibilidad, organizados en las tres dimensiones de la producción sostenible.
A8: Cada subindicador se evalúa para la Unidad de Producción Agropecuaria (UPA), luego el grado de sostenibilidad se asocia a la superficie de tierra agrícola de la UPA. Por lo tanto, todos los subindicadores se refieren a la misma superficie de tierra agrícola que se estima para cada UPA. Nota: en esta publicación no se encuentran los resultados del subindicador 1 "Productividad de la tierra", porque se encuentra en revisión metodológica con FAO. Una explicación más detallada puede consultarse en el Anexo Técnico, donde se describe la metodología empleada para la estimación del indicador.
A10: Criterios de sostenibilidad según indicador (Semáforo)
A11: Una explicación más extensa de los criterios de sostenibilidad se encuentra en el Anexo Técnico
A12: Subindicador 2. Ingresos agrícolas netos
A14: Verde (deseable): Los ingresos agrícolas netos totales han sido superiores a cero en los últimos tres años consecutivos. Corresponde a las UPA que seleccionaron la opción 4. de la Tabla.
A15: Amarillo (aceptable): Los ingresos agrícolas netos totales han sido superiores a cero por lo menos en uno de los últimos tres años consecutivos. Corresponde a las UPA que seleccionaron la opción 2, 3 o 5 de la Tabla.
A16: Rojo (insostenible): inferiores a cero en los últimos tres años consecutivos. Corresponde a las UPA que seleccionaron la opción 1 de la Tabla.
A18: Subindicador 3. Mecanismo de mitigación de riesgo
... A84: Actualizado el 21 de octubre de 2026

Sheet Indicador 2.4.1_31 departamento
AG1: Regresar al índice
A3: Encuesta Nacional Agropecuaria ENA
A5: Objetivo Desarrollo Sostenible (ODS), indicador 2.4.1 Proporción de la superficie agrícola en que se practica una agricultura productiva y sostenible.
A6: Subindicadores del 2 al 11 para 31 departamentos
A7: 2023
A9: Código | B9: Región
C10: Subindicador 2. Ingresos agrícolas netos (%) | F10: Subindicador 3. Mecanismos de mitigación de riesgos (%) | I10: Subindicador 4. Prevalencia de la degradación del suelo (%) | L10: Subindicador 5. Variación en la disponibilidad de agua (%) | O10: Subindicador 6. Gestión de fertilizantes (%) | R10: Subindicador 7. Gestión de plaguicidas (%) | U10: Subindicador 8. Uso de prácticas respetuosas con la biodiversidad agrícola (%) | X10: Subindicador 9. Escala de salarios en la agricultura (%) | AA10: Subindicador 10. Escala de experiencia de la inseguridad alimentaria (%) | AD10: Subindicador 11. Seguridad de los derechos de tenencia de la tierra (%)
B11: Departamento1 | C11: Insostenible | D11: Aceptable | E11: Deseable | F11: Insostenible | G11: Aceptable | H11: Deseable | I11: Insostenible | J11: Aceptable | K11: Deseable | L11: Insostenible | M11: Aceptable | N11: Deseable | O11: Insostenible | P11: Aceptable | Q11: Deseable | R11: Insostenible | S11: Aceptable | T11: Deseable | U11: Insostenible | V11: Aceptable | W11: Deseable | X11: Insostenible | Y11: Aceptable | Z11: Deseable | AA11: Insostenible | AB11: Aceptable | AC11: Deseable | AD11: Insostenible | AE11: Aceptable | AF11: Deseable
B12: Total 31 Departamentos | C12: 17.515663 | D12: 35.956942 | E12: 46.527395 | F12: 76.920696 | G12: 21.376203 | H12: 1.7031008 | I12: 2.5315874 | J12: 4.0895096 | K12: 93.378903 | L12: 3.8647203 | M12: 1.1553684 | N12: 94.979911 | O12: 28.123945 | P12: 7.4446689 | Q12: 64.431386 | R12: 35.751281 | S12: 17.828921 | T12: 46.419798 | U12: 0.60642122 | V12: 43.001694 | W12: 56.391884 | X12: 49.359561 | Y12: 1.5508215 | Z12: 49.089617 | AA12: 1.1702119 | AB12: 0.94783466 | AC12: 97.881953 | AD12: 14.026959 | AE12: 24.395438 | AF12: 61.577603
B13: Total Región Andina | C13: 10.514193 | D13: 45.988015 | E13: 43.497792 | F13: 69.852664 | G13: 27.621932 | H13: 2.5254042 | I13: 1.2281135 | J13: 3.7399528 | K13: 95.031934 | L13: 6.2751168 | M13: 1.9912116 | N13: 91.733672 | O13: 39.223267 | P13: 10.299991 | Q13: 50.476742 | R13: 25.697901 | S13: 17.586998 | T13: 56.715101 | U13: 0.98811005 | V13: 50.843481 | W13: 48.168409 | X13: 42.729339 | Y13: 2.1195417 | Z13: 55.151119 | AA13: 0.035418469 | AB13: 1.1086387 | AC13: 98.855943 | AD13: 17.113682 | AE13: 24.458465 | AF13: 58.427854
A14: 5 | B14: Antioquia | C14: 8.4974524 | D14: 41.360132 | E14: 50.142415 | F14: 75.385246 | G14: 23.128426 | H14: 1.4863284 | I14: 1.2868179 | J14: 6.9993983 | K14: 91.713784 | L14: 1.2887158 | M14: 0.12576165 | N14: 98.585523 | O14: 43.992725 | P14: 10.328413 | Q14: 45.678862 | R14: 28.87757 | S14: 16.970955 | T14: 54.151475 | U14: 2.1558815 | V14: 58.062972 | W14: 39.781146 | X14: 47.084019 | Y14: 0.82895198 | Z14: 52.087029 | AA14: 0 | AB14: 0.088507144 | AC14: 99.911493 | AD14: 26.022105 | AE14: 19.489688 | AF14: 54.488207
A15: 15 | B15: Boyacá | C15: 10.821817 | D15: 54.449834 | E15: 34.728349 | F15: 57.940549 | G15: 39.451914 | H15: 2.6075363 | I15: 1.7448061 | J15: 0.93324018 | K15: 97.321954 | L15: 8.4607172 | M15: 1.2752248 | N15: 90.264058 | O15: 34.531211 | P15: 3.599189 | Q15: 61.8696 | R15: 28.87079 | S15: 6.8081954 | T15: 64.321014 | U15: 0.63696876 | V15: 51.531831 | W15: 47.8312 | X15: 22.425209 | Y15: 1.5970696 | Z15: 75.977721 | AA15: 0 | AB15: 0.18824705 | AC15: 99.811753 | AD15: 15.211621 | AE15: 25.635724 | AF15: 59.152654
A16: 17 | B16: Caldas | C16: 11.192357 | D16: 59.490356 | E16: 29.317287 | F16: 74.162745 | G16: 24.571685 | H16: 1.2655707 | I16: 0.40747444 | J16: 0.43844946 | K16: 99.154076 | L16: 0.97304112 | M16: 0.79827128 | N16: 98.228688 | O16: 18.966606 | P16: 20.13396 | Q16: 60.899434 | R16: 9.0764103 | S16: 16.715256 | T16: 74.208333 | U16: 0 | V16: 48.723835 | W16: 51.276165 | X16: 40.899921 | Y16: 1.9370514 | Z16: 57.163028 | AA16: 0.0027210824 | AB16: 1.6077943 | AC16: 98.389485 | AD16: 22.177683 | AE16: 7.8922393 | AF16: 69.930077
A17: 25 | B17: Cundinamarca | C17: 15.183499 | D17: 45.471803 | E17: 39.344699 | F17: 67.093503 | G17: 29.648198 | H17: 3.2582991 | I17: 1.0323631 | J17: 2.8374685 | K17: 96.130168 | L17: 9.823729 | M17: 2.5701643 | N17: 87.606107 | O17: 34.265178 | P17: 7.9432775 | Q17: 57.791545 | R17: 21.361583 | S17: 15.804675 | T17: 62.833742 | U17: 0.27270069 | V17: 50.694573 | W17: 49.032727 | X17: 34.096214 | Y17: 4.8721643 | Z17: 61.031622 | AA17: 0 | AB17: 1.2124327 | AC17: 98.787567 | AD17: 15.11179 | AE17: 19.522134 | AF17: 65.366076
A18: 41 | B18: Huila | C18: 4.4620023 | D18: 51.753339 | E18: 43.784659 | F18: 66.432572 | G18: 28.288819 | H18: 5.2786084 | I18: 0.39161108 | J18: 0.5212535 | K18: 99.087135 | L18: 2.3937547 | M18: 6.955379 | N18: 90.650866 | O18: 44.013251 | P18: 8.709431 | Q18: 47.277318 | R18: 27.203095 | S18: 11.234261 | T18: 61.562643 | U18: 3.3207006 | V18: 52.731097 | W18: 43.948202 | X18: 32.601395 | Y18: 4.9059796 | Z18: 62.492625 | AA18: 0 | AB18: 0.17855657 | AC18: 99.821443 | AD18: 1.5885438 | AE18: 44.951103 | AF18: 53.460353
A19: 54 | B19: Norte De Santander | C19: 11.355193 | D19: 57.007205 | E19: 31.637602 | F19: 63.34174 | G19: 33.396225 | H19: 3.2620344 | I19: 2.5303499 | J19: 8.7837372 | K19: 88.685913 | L19: 16.556159 | M19: 2.865453 | N19: 80.578388 | O19: 38.730997 | P19: 18.580659 | Q19: 42.688344 | R19: 32.08583 | S19: 19.712969 | T19: 48.201201 | U19: 0.079398859 | V19: 27.71896 | W19: 72.201641 | X19: 47.851293 | Y19: 5.9772075 | Z19: 46.171499 | AA19: 0.12834422 | AB19: 13.484258 | AC19: 86.387398 | AD19: 7.8985678 | AE19: 34.106943 | AF19: 57.994489
A20: 63 | B20: Quindío | C20: 7.5353475 | D20: 42.89236 | E20: 49.572292 | F20: 69.582877 | G20: 29.582419 | H20: 0.83470396 | I20: 0.12719391 | J20: 0.67529733 | K20: 99.197509 | L20: 0.29626922 | M20: 0.035214682 | N20: 99.668516 | O20: 52.218964 | P20: 18.125865 | Q20: 29.655171 | R20: 13.781426 | S20: 30.654483 | T20: 55.56409 | U20: 0 | V20: 78.914125 | W20: 21.085875 | X20: 46.297965 | Y20: 0.77857302 | Z20: 52.923462 | AA20: 0 | AB20: 0.0022514784 | AC20: 99.997749 | AD20: 14.457874 | AE20: 25.367466 | AF20: 60.17466
A21: 66 | B21: Risaralda | C21: 17.092449 | D21: 39.808017 | E21: 43.099534 | F21: 68.239256 | G21: 31.278972 | H21: 0.48177138 | I21: 0.45118349 | J21: 0.97407789 | K21: 98.574739 | L21: 1.6842445 | M21: 0.017270149 | N21: 98.298485 | O21: 54.991471 | P21: 12.768081 | Q21: 32.240448 | R21: 13.781384 | S21: 21.620862 | T21: 64.597754 | U21: 0.25269793 | V21: 53.198227 | W21: 46.549075 | X21: 34.211104 | Y21: 2.6286965 | Z21: 63.160199 | AA21: 0 | AB21: 0.030920141 | AC21: 99.96908 | AD21: 16.357261 | AE21: 25.124371 | AF21: 58.518368
A22: 68 | B22: Santander | C22: 5.210246 | D22: 36.740284 | E22: 58.04947 | F22: 73.416349 | G22: 24.470155 | H22: 2.1134955 | I22: 1.4275312 | J22: 3.0854624 | K22: 95.487006 | L22: 10.319162 | M22: 0.48910253 | N22: 89.191735 | O22: 46.716144 | P22: 7.7560808 | Q22: 45.527775 | R22: 20.533818 | S22: 23.931762 | T22: 55.53442 | U22: 0.17893529 | V22: 48.336078 | W22: 51.484987 | X22: 60.216696 | Y22: 0.16522636 | Z22: 39.618078 | AA22: 0 | AB22: 0.29495284 | AC22: 99.705047 | AD22: 16.697791 | AE22: 28.979955 | AF22: 54.322254
A23: 73 | B23: Tolima | C23: 21.584867 | D23: 48.286663 | E23: 30.12847 | F23: 71.348208 | G23: 25.395705 | H23: 3.256087 | I23: 1.0269714 | J23: 3.3626309 | K23: 95.610398 | L23: 6.5814531 | M23: 5.7758262 | N23: 87.642721 | O23: 29.092415 | P23: 15.978122 | Q23: 54.929463 | R23: 34.585754 | S23: 25.25884 | T23: 40.155406 | U23: 0.03574165 | V23: 45.007069 | W23: 54.95719 | X23: 43.456007 | Y23: 1.7059098 | Z23: 54.838083 | AA23: 0.26743432 | AB23: 0.28534753 | AC23: 99.447218 | AD23: 15.618927 | AE23: 20.341046 | AF23: 64.040027
B24: Total Región Caribe | C24: 15.499701 | D24: 31.432459 | E24: 53.06784 | F24: 78.220847 | G24: 20.10078 | H24: 1.6783732 | I24: 3.5223169 | J24: 3.7100738 | K24: 92.767609 | L24: 4.4926856 | M24: 0.77935739 | N24: 94.727957 | O24: 26.177021 | P24: 9.4782915 | Q24: 64.344688 | R24: 36.890512 | S24: 10.859865 | T24: 52.249623 | U24: 1.0287763 | V24: 37.17092 | W24: 61.800304 | X24: 64.476701 | Y24: 0.27134317 | Z24: 35.251956 | AA24: 5.0747384 | AB24: 2.1784911 | AC24: 92.74677 | AD24: 13.874757 | AE24: 17.840939 | AF24: 68.284303
A25: 8 | B25: Atlántico | C25: 8.1441133 | D25: 36.727813 | E25: 55.128074 | F25: 69.722873 | G25: 29.17177 | H25: 1.1053568 | I25: 2.3088198 | J25: 8.0474512 | K25: 89.643729 | L25: 4.165788 | M25: 0.26763053 | N25: 95.566581 | O25: 23.436441 | P25: 1.8975853 | Q25: 74.665974 | R25: 27.180921 | S25: 16.997989 | T25: 55.82109 | U25: 1.7533355 | V25: 57.685757 | W25: 40.560907 | X25: 48.706934 | Y25: 0.30501215 | Z25: 50.988054 | AA25: 0 | AB25: 1.234916 | AC25: 98.765084 | AD25: 19.406037 | AE25: 14.267833 | AF25: 66.326129
A26: 88 | B26: Archipiélago De San Andrés | C26: 0 | D26: 71.19669 | E26: 28.80331 | F26: 88.888889 | G26: 11.111111 | H26: 0 | I26: 0 | J26: 0.70019096 | K26: 99.299809 | L26: 33.195417 | M26: 0 | N26: 66.804583 | O26: 62.304998 | P26: 0 | Q26: 37.695002 | R26: 0 | S26: 0 | T26: 100 | U26: 0 | V26: 71.792423 | W26: 28.207577 | X26: 0 | Y26: 0 | Z26: 100 | AA26: 0 | AB26: 0 | AC26: 100 | AD26: 3.214513 | AE26: 93.984723 | AF26: 2.8007638
A27: 13 | B27: Bolívar | C27: 5.04051 | D27: 31.769824 | E27: 63.189666 | F27: 71.953503 | G27: 27.697036 | H27: 0.34946171 | I27: 6.0176078 | J27: 6.3963935 | K27: 87.585999 | L27: 6.3542259 | M27: 1.2144277 | N27: 92.431346 | O27: 22.865698 | P27: 8.7200934 | Q27: 68.414209 | R27: 39.902243 | S27: 16.685753 | T27: 43.412004 | U27: 2.4045814 | V27: 51.754941 | W27: 45.840477 | X27: 67.410236 | Y27: 1.2135592 | Z27: 31.376205 | AA27: 0 | AB27: 0.23591796 | AC27: 99.764082 | AD27: 16.216954 | AE27: 19.08799 | AF27: 64.695056
A28: 20 | B28: Cesar | C28: 4.0662565 | D28: 40.313252 | E28: 55.620491 | F28: 75.518345 | G28: 22.659767 | H28: 1.8218888 | I28: 3.2504848 | J28: 5.8831353 | K28: 90.86638 | L28: 12.865531 | M28: 2.864472 | N28: 84.269997 | O28: 43.913822 | P28: 9.6915093 | Q28: 46.394668 | R28: 53.45551 | S28: 7.7158927 | T28: 38.828598 | U28: 2.7665143 | V28: 39.02783 | W28: 58.205656 | X28: 74.285399 | Y28: 6.5707423e-05 | Z28: 25.714535 | AA28: 0 | AB28: 0 | AC28: 100 | AD28: 16.095543 | AE28: 13.419658 | AF28: 70.484799
A29: 23 | B29: Córdoba | C29: 1.4874912 | D29: 26.404844 | E29: 72.107665 | F29: 78.927619 | G29: 18.755194 | H29: 2.3171863 | I29: 1.0833246 | J29: 3.6657642 | K29: 95.250911 | L29: 0.26202243 | M29: 0 | N29: 99.737978 | O29: 36.367541 | P29: 21.474993 | Q29: 42.157467 | R29: 43.489272 | S29: 24.297353 | T29: 32.213376 | U29: 0.44349879 | V29: 39.713917 | W29: 59.842584 | X29: 69.451729 | Y29: 0.15354029 | Z29: 30.394731 | AA29: 0.010816311 | AB29: 1.5318595 | AC29: 98.457324 | AD29: 15.894763 | AE29: 18.076628 | AF29: 66.02861
A30: 44 | B30: La Guajira | C30: 63.290928 | D30: 9.7572385 | E30: 26.951833 | F30: 85.213099 | G30: 14.782096 | H30: 0.004804564 | I30: 8.0697104 | J30: 0.35243091 | K30: 91.577859 | L30: 0.49129411 | M30: 0.1245113 | N30: 99.384195 | O30: 1.0724894 | P30: 0.019650821 | Q30: 98.90786 | R30: 4.131029 | S30: 0.11301255 | T30: 95.755958 | U30: 0 | V30: 7.785846 | W30: 92.214154 | X30: 55.119702 | Y30: 0 | Z30: 44.880298 | AA30: 30.884206 | AB30: 8.7129999 | AC30: 60.402794 | AD30: 1.6176208 | AE30: 4.8191712 | AF30: 93.563208
A31: 47 | B31: Magdalena | C31: 14.45318 | D31: 38.689881 | E31: 46.856939 | F31: 85.336258 | G31: 12.087978 | H31: 2.5757648 | I31: 0.26657031 | J31: 2.5177757 | K31: 97.215654 | L31: 5.7477724 | M31: 0.26766157 | N31: 93.984566 | O31: 11.910716 | P31: 4.6014673 | Q31: 83.487817 | R31: 38.935964 | S31: 2.1707049 | T31: 58.893331 | U31: 0.041300834 | V31: 30.749066 | W31: 69.209634 | X31: 63.058318 | Y31: 0.090674352 | Z31: 36.851007 | AA31: 0 | AB31: 0.00020930837 | AC31: 99.999791 | AD31: 13.987917 | AE31: 35.411516 | AF31: 50.600567
A32: 70 | B32: Sucre | C32: 8.8527873 | D32: 47.957732 | E32: 43.18948 | F32: 70.878161 | G32: 25.868217 | H32: 3.2536224 | I32: 3.6897417 | J32: 2.3521743 | K32: 93.958084 | L32: 0.68510771 | M32: 0.00088042854 | N32: 99.314012 | O32: 36.572932 | P32: 7.5489609 | Q32: 55.878107 | R32: 39.073072 | S32: 7.6031533 | T32: 53.323775 | U32: 0.19497015 | V32: 59.022869 | W32: 40.782161 | X32: 52.345815 | Y32: 0.41730074 | Z32: 47.236884 | AA32: 0 | AB32: 3.1619099 | AC32: 96.83809 | AD32: 20.077017 | AE32: 19.698389 | AF32: 60.224595
B33: Total Región Pacífica | C33: 14.142764 | D33: 53.924467 | E33: 31.932769 | F33: 60.18316 | G33: 35.692284 | H33: 4.1245561 | I33: 2.4267899 | J33: 7.4011288 | K33: 90.172081 | L33: 10.211811 | M33: 3.9499663 | N33: 85.838223 | O33: 39.89818 | P33: 13.18165 | Q33: 46.920169 | R33: 21.255464 | S33: 13.525575 | T33: 65.218962 | U33: 0.10163968 | V33: 52.70406 | W33: 47.1943 | X33: 42.561108 | Y33: 0.21484924 | Z33: 57.224042 | AA33: 1.5537226e-05 | AB33: 0.45258433 | AC33: 99.5474 | AD33: 12.937993 | AE33: 32.340882 | AF33: 54.721125
A34: 19 | B34: Cauca | C34: 16.152336 | D34: 70.5729 | E34: 13.274764 | F34: 70.881457 | G34: 27.392188 | H34: 1.7263552 | I34: 1.4562886 | J34: 6.6992145 | K34: 91.844497 | L34: 3.0299625 | M34: 0.87513471 | N34: 96.094903 | O34: 28.871954 | P34: 5.9560835 | Q34: 65.171962 | R34: 15.707074 | S34: 12.439497 | T34: 71.85343 | U34: 0.092762925 | V34: 54.328958 | W34: 45.578279 | X34: 26.182739 | Y34: 0.024357921 | Z34: 73.792903 | AA34: 0 | AB34: 0.68919754 | AC34: 99.310802 | AD34: 11.113123 | AE34: 41.62188 | AF34: 47.264997
A35: 52 | B35: Nariño | C35: 19.152104 | D35: 50.588053 | E35: 30.259843 | F35: 52.393178 | G35: 42.902827 | H35: 4.7039946 | I35: 2.155401 | J35: 3.5592069 | K35: 94.285392 | L35: 10.637892 | M35: 2.0853386 | N35: 87.27677 | O35: 65.449727 | P35: 8.0558777 | Q35: 26.494395 | R35: 40.188383 | S35: 7.3277144 | T35: 52.483902 | U35: 0.099580864 | V35: 57.424832 | W35: 42.475587 | X35: 28.321434 | Y35: 0.52469187 | Z35: 71.153874 | AA35: 0 | AB35: 0.51873482 | AC35: 99.481265 | AD35: 6.6767628 | AE35: 42.906024 | AF35: 50.417213
A36: 76 | B36: Valle Del Cauca | C36: 7.4613955 | D36: 39.106816 | E36: 53.431789 | F36: 55.765596 | G36: 38.064717 | H36: 6.169687 | I36: 3.7117496 | J36: 11.626318 | K36: 84.661932 | L36: 17.519868 | M36: 8.9294697 | N36: 73.550662 | O36: 28.609665 | P36: 25.555697 | Q36: 45.834638 | R36: 10.082623 | S36: 20.292173 | T36: 69.625204 | U36: 0.1130098 | V36: 46.695639 | W36: 53.191351 | X36: 72.979143 | Y36: 0.13879306 | Z36: 26.882064 | AA36: 4.6227274e-05 | AB36: 0.13932034 | AC36: 99.860633 | AD36: 20.553277 | AE36: 12.847573 | AF36: 66.599149
B37: Total Región Orinoquía | C37: 14.222868 | D37: 32.371198 | E37: 53.405934 | F37: 81.902755 | G37: 17.18114 | H37: 0.91610433 | I37: 3.063053 | J37: 4.5970502 | K37: 92.339897 | L37: 1.0114997 | M37: 0.37967918 | N37: 98.608821 | O37: 22.199211 | P37: 4.0040948 | Q37: 73.796694 | R37: 36.132194 | S37: 27.527391 | T37: 36.340415 | U37: 0.21742829 | V37: 30.044545 | W37: 69.738027 | X37: 54.427853 | Y37: 2.0485269 | Z37: 43.52362 | AA37: 0.011435201 | AB37: 0.18894766 | AC37: 99.799617 | AD37: 13.826712 | AE37: 27.464697 | AF37: 58.708591
A38: 81 | B38: Arauca | C38: 5.2283044 | D38: 40.971881 | E38: 53.799814 | F38: 84.529575 | G38: 15.054346 | H38: 0.41607907 | I38: 7.1541727 | J38: 4.5889895 | K38: 88.256838 | L38: 0.31970282 | M38: 0.031534545 | N38: 99.648763 | O38: 22.643825 | P38: 1.5890048 | Q38: 75.76717 | R38: 51.36609 | S38: 8.4506553 | T38: 40.183255 | U38: 0.35053902 | V38: 47.133559 | W38: 52.515902 | X38: 70.434033 | Y38: 12.785923 | Z38: 16.780044 | AA38: 0 | AB38: 1.2320581 | AC38: 98.767942 | AD38: 1.8939341 | AE38: 43.206377 | AF38: 54.899689
A39: 85 | B39: Casanare | C39: 5.5108516 | D39: 20.504973 | E39: 73.984175 | F39: 87.424024 | G39: 11.337599 | H39: 1.2383774 | I39: 3.7735866 | J39: 11.040502 | K39: 85.185912 | L39: 0.63609013 | M39: 1.0988048 | N39: 98.265105 | O39: 20.659108 | P39: 3.2543796 | Q39: 76.086513 | R39: 20.478285 | S39: 36.079479 | T39: 43.442237 | U39: 0.018947541 | V39: 18.246157 | W39: 81.734896 | X39: 39.000191 | Y39: 0.18470294 | Z39: 60.815106 | AA39: 0 | AB39: 0.034305495 | AC39: 99.965695 | AD39: 8.2865685 | AE39: 15.773298 | AF39: 75.940134
A40: 50 | B40: Meta | C40: 14.653628 | D40: 31.853726 | E40: 53.492646 | F40: 81.089582 | G40: 17.5953 | H40: 1.3151176 | I40: 2.6750737 | J40: 2.3520193 | K40: 94.972907 | L40: 2.1288293 | M40: 0.18266231 | N40: 97.688508 | O40: 25.948371 | P40: 7.6340476 | Q40: 66.417581 | R40: 51.002543 | S40: 25.563133 | T40: 23.434324 | U40: 0.44280765 | V40: 45.396641 | W40: 54.160551 | X40: 58.089651 | Y40: 0.64680104 | Z40: 41.263548 | AA40: 0.0055156718 | AB40: 0.029435024 | AC40: 99.965049 | AD40: 19.277801 | AE40: 17.885578 | AF40: 62.836621
A41: 99 | B41: Vichada | C41: 30.719603 | D41: 43.379579 | E41: 25.900818 | F41: 74.364067 | G41: 25.519602 | H41: 0.11633074 | I41: 0.17767914 | J41: 0.034670724 | K41: 99.78765 | L41: 0 | M41: 0 | N41: 100 | O41: 17.39858 | P41: 0.20671703 | Q41: 82.394703 | R41: 21.013439 | S41: 31.941308 | T41: 47.045253 | U41: 0 | V41: 7.8162919 | W41: 92.183708 | X41: 58.077621 | Y41: 0.055451588 | Z41: 41.866928 | AA41: 0.044168957 | AB41: 0.0012590377 | AC41: 99.954572 | AD41: 19.270716 | AE41: 49.473185 | AF41: 31.256098
B42: Total Región Amazonía | C42: 61.79928 | D42: 14.262292 | E42: 23.938428 | F42: 90.785749 | G42: 9.0116059 | H42: 0.202645 | I42: 2.4144742 | J42: 1.9415996 | K42: 95.643926 | L42: 0.24684843 | M42: 0.22276552 | N42: 99.530386 | O42: 9.3985891 | P42: 1.2767314 | Q42: 89.324679 | R42: 76.184062 | S42: 3.1739317 | T42: 20.642006 | U42: 0.03776157 | V42: 74.035173 | W42: 25.927065 | X42: 17.649099 | Y42: 2.0601165 | Z42: 80.290785 | AA42: 0.0028006833 | AB42: 0.40290057 | AC42: 99.594299 | AD42: 5.4359742 | AE42: 24.010116 | AF42: 70.55391
A43: 91 | B43: Amazonas | C43: 14.92972 | D43: 35.469464 | E43: 49.600816 | F43: 13.02836 | G43: 86.602969 | H43: 0.36867111 | I43: 5.0013796 | J43: 1.8558426 | K43: 93.142778 | L43: 0 | M43: 0 | N43: 100 | O43: 0.81820617 | P43: 0 | Q43: 99.181794 | R43: 4.4284842 | S43: 0 | T43: 95.571516 | U43: 0 | V43: 88.872195 | W43: 11.127805 | X43: 11.955377 | Y43: 0 | Z43: 88.044623 | AA43: 0.79897284 | AB43: 9.2234334 | AC43: 89.977594 | AD43: 16.87601 | AE43: 7.6371693 | AF43: 75.486821
A44: 18 | B44: Caquetá | C44: 80.988634 | D44: 9.0779186 | E44: 9.9334473 | F44: 96.753778 | G44: 3.1454312 | H44: 0.10079079 | I44: 1.0088806 | J44: 1.4139704 | K44: 97.577149 | L44: 0.31879017 | M44: 0.31272077 | N44: 99.368489 | O44: 3.4884539 | P44: 0 | Q44: 96.511546 | R44: 87.365071 | S44: 1.4170324 | T44: 11.217896 | U44: 0 | V44: 84.779052 | W44: 15.220948 | X44: 7.1633902 | Y44: 0.4800138 | Z44: 92.356596 | AA44: 0 | AB44: 0 | AC44: 100 | AD44: 3.8458607 | AE44: 5.2669783 | AF44: 90.887161
A45: 94 | B45: Guainía | C45: 3.7358241 | D45: 53.83506 | E45: 42.429116 | F45: 20.154864 | G45: 79.845136 | H45: 0 | I45: 6.1141531 | J45: 0 | K45: 93.885847 | L45: 0 | M45: 0 | N45: 100 | O45: 24.902549 | P45: 6.1682286 | Q45: 68.929222 | R45: 13.455601 | S45: 4.637208 | T45: 81.907191 | U45: 0 | V45: 68.498704 | W45: 31.501296 | X45: 0.81688981 | Y45: 6.5864059 | Z45: 92.596704 | AA45: 0 | AB45: 1.6908188 | AC45: 98.309181 | AD45: 0 | AE45: 3.0605545 | AF45: 96.939446
A46: 95 | B46: Guaviare | C46: 8.3936847 | D46: 15.65246 | E46: 75.953856 | F46: 81.214388 | G46: 18.451785 | H46: 0.33382728 | I46: 0.10744818 | J46: 0 | K46: 99.892552 | L46: 0 | M46: 0 | N46: 100 | O46: 27.109223 | P46: 0.95559416 | Q46: 71.935183 | R46: 60.622238 | S46: 4.2529803 | T46: 35.124782 | U46: 0.19319866 | V46: 47.426897 | W46: 52.379905 | X46: 47.126768 | Y46: 7.6746918 | Z46: 45.19854 | AA46: 0 | AB46: 0.36507709 | AC46: 99.634923 | AD46: 8.5464914 | AE46: 73.355613 | AF46: 18.097896
A47: 86 | B47: Putumayo | C47: 29.545246 | D47: 50.344275 | E47: 20.11048 | F47: 69.194391 | G47: 30.005818 | H47: 0.79979064 | I47: 20.058995 | J47: 10.894644 | K47: 69.046361 | L47: 0.24575036 | M47: 0 | N47: 99.75425 | O47: 17.866691 | P47: 13.263947 | Q47: 68.869363 | R47: 22.519036 | S47: 15.540241 | T47: 61.940723 | U47: 0 | V47: 43.82487 | W47: 56.17513 | X47: 40.050557 | Y47: 1.8603815 | Z47: 58.089062 | AA47: 0 | AB47: 3.6413164 | AC47: 96.358684 | AD47: 9.0247971 | AE47: 72.72777 | AF47: 18.247433
A48: 97 | B48: Vaupés | C48: 5.4903418 | D48: 80.120109 | E48: 14.389549 | F48: 67.788544 | G48: 32.211456 | H48: 0 | I48: 4.7215228 | J48: 11.57255 | K48: 83.705928 | L48: 0 | M48: 0 | N48: 100 | O48: 18.016036 | P48: 0 | Q48: 81.983964 | R48: 49.877009 | S48: 14.74346 | T48: 35.379531 | U48: 0 | V48: 61.867349 | W48: 38.132651 | X48: 15.588108 | Y48: 9.6974598 | Z48: 74.714432 | AA48: 0 | AB48: 0 | AC48: 100 | AD48: 53.790394 | AE48: 7.6867717 | AF48: 38.522834
A50: Fuente: DANE, Encuesta Nacional Agropecuaria (ENA).
A51: Notas:
A52: ٠ 1 corresponde a la información de 31 departamentos, Cundinamarca incluye Bogotá. No se incluye el departamento de Chocó.
A53: ٠ Estos resultados incluyen la producción agrícola de sistemas convencionales y tradicionales. En la Amazonía colombiana predominan las chagras, que combinan diversidad de cultivos, conservación del bosque y producción para autoconsumo, trueque y comercialización.
A54: (-) No existe dato
A55: Por aproximación decimal se pueden presentar diferencias.
A56: Actualizado el 21 de octubre de 2026

Sheet Tablero_ Nacional_2.4.1
M1: Regresar al índice
A3: Encuesta Nacional Agropecuaria ENA
A5: Objetivo Desarrollo Sostenible (ODS), indicador 2.4.1 Proporción de la superficie agrícola en que se practica una agricultura productiva y sostenible.
A6: Nacional
A7: 2023
B9: Porcentaje de superficie agrícola | C9: Subindicador 2. Ingresos agrícolas netos | D9: Subindicador 3. Mecanismos de mitigación de riesgos | E9: Subindicador 4. Prevalencia de la degradación del suelo | F9: Subindicador 5. Variación en la disponibilidad de agua | G9: Subindicador 6. Gestión de fertilizantes | H9: Subindicador 7. Gestión de plaguicidas | I9: Subindicador 8. Uso de prácticas respetuosas con la biodiversidad agrícola | J9: Subindicador 9. Escala de salarios en la agricultura | K9: Subindicador 10. Escala de experiencia de la inseguridad alimentaria | L9: Subindicador 11. Seguridad de los derechos de tenencia de la tierra
B10: Insostenible | C10: =+'Indicador 2.4.1_31 departamento'!C$12 -> 17.515663 | D10: =+'Indicador 2.4.1_31 departamento'!F$12 -> 76.920696 | E10: =+'Indicador 2.4.1_31 departamento'!I$12 -> 2.5315874 | F10: =+'Indicador 2.4.1_31 departamento'!L$12 -> 3.8647203 | G10: =+'Indicador 2.4.1_31 departamento'!O$12 -> 28.123945 | H10: =+'Indicador 2.4.1_31 departamento'!R$12 -> 35.751281 | I10: =+'Indicador 2.4.1_31 departamento'!U$12 -> 0.60642122 | J10: =+'Indicador 2.4.1_31 departamento'!X$12 -> 49.359561 | K10: =+'Indicador 2.4.1_31 departamento'!AA$12 -> 1.1702119 | L10: =+'Indicador 2.4.1_31 departamento'!AD$12 -> 14.026959
B11: Aceptable | C11: =+'Indicador 2.4.1_31 departamento'!D$12 -> 35.956942 | D11: =+'Indicador 2.4.1_31 departamento'!G$12 -> 21.376203 | E11: =+'Indicador 2.4.1_31 departamento'!J$12 -> 4.0895096 | F11: =+'Indicador 2.4.1_31 departamento'!M$12 -> 1.1553684 | G11: =+'Indicador 2.4.1_31 departamento'!P$12 -> 7.4446689 | H11: =+'Indicador 2.4.1_31 departamento'!S$12 -> 17.828921 | I11: =+'Indicador 2.4.1_31 departamento'!V$12 -> 43.001694 | J11: =+'Indicador 2.4.1_31 departamento'!Y$12 -> 1.5508215 | K11: =+'Indicador 2.4.1_31 departamento'!AB$12 -> 0.94783466 | L11: =+'Indicador 2.4.1_31 departamento'!AE$12 -> 24.395438
B12: Deseable | C12: =+'Indicador 2.4.1_31 departamento'!E$12 -> 46.527395 | D12: =+'Indicador 2.4.1_31 departamento'!H$12 -> 1.7031008 | E12: =+'Indicador 2.4.1_31 departamento'!K$12 -> 93.378903 | F12: =+'Indicador 2.4.1_31 departamento'!N$12 -> 94.979911 | G12: =+'Indicador 2.4.1_31 departamento'!Q$12 -> 64.431386 | H12: =+'Indicador 2.4.1_31 departamento'!T$12 -> 46.419798 | I12: =+'Indicador 2.4.1_31 departamento'!W$12 -> 56.391884 | J12: =+'Indicador 2.4.1_31 departamento'!Z$12 -> 49.089617 | K12: =+'Indicador 2.4.1_31 departamento'!AC$12 -> 97.881953 | L12: =+'Indicador 2.4.1_31 departamento'!AF$12 -> 61.577603
L21: De acuerdo con el Subindicador 3, el 76,9 % de la superficie agrícola del país se califica como insostenible.

Sheet Tablero_ Antioquia_ 2.4.1
N1: Regresar al índice
A3: Encuesta Nacional Agropecuaria ENA
A5: Objetivo Desarrollo Sostenible (ODS), indicador 2.4.1 Proporción de la superficie agrícola en que se practica una agricultura productiva y sostenible.
A6: Región Andina_Antioquia
A7: 2023
B9: Porcentaje de superficie agrícola | C9: Subindicador 2. Ingresos agrícolas netos | D9: Subindicador 3. Mecanismos de mitigación de riesgos | E9: Subindicador 4. Prevalencia de la degradación del suelo | F9: Subindicador 5. Variación en la disponibilidad de agua | G9: Subindicador 6. Gestión de fertilizantes | H9: Subindicador 7. Gestión de plaguicidas | I9: Subindicador 8. Uso de prácticas respetuosas con la biodiversidad agrícola | J9: Subindicador 9. Escala de salarios en la agricultura | K9: Subindicador 10. Escala de experiencia de la inseguridad alimentaria | L9: Subindicador 11. Seguridad de los derechos de tenencia de la tierra
B10: Insostenible | C10: =+'Indicador 2.4.1_31 departamento'!C$14 -> 8.4974524 | D10: =+'Indicador 2.4.1_31 departamento'!F$14 -> 75.385246 | E10: =+'Indicador 2.4.1_31 departamento'!I$14 -> 1.2868179 | F10: =+'Indicador 2.4.1_31 departamento'!L$14 -> 1.2887158 | G10: =+'Indicador 2.4.1_31 departamento'!O$14 -> 43.992725 | H10: =+'Indicador 2.4.1_31 departamento'!R$14 -> 28.87757 | I10: =+'Indicador 2.4.1_31 departamento'!U$14 -> 2.1558815 | J10: =+'Indicador 2.4.1_31 departamento'!X$14 -> 47.084019 | K10: =+'Indicador 2.4.1_31 departamento'!AA$14 -> 0 | L10: =+'Indicador 2.4.1_31 departamento'!AD$14 -> 26.022105
B11: Aceptable | C11: =+'Indicador 2.4.1_31 departamento'!D$14 -> 41.360132 | D11: =+'Indicador 2.4.1_31 departamento'!G$14 -> 23.128426 | E11: =+'Indicador 2.4.1_31 departamento'!J$14 -> 6.9993983 | F11: =+'Indicador 2.4.1_31 departamento'!M$14 -> 0.12576165 | G11: =+'Indicador 2.4.1_31 departamento'!P$14 -> 10.328413 | H11: =+'Indicador 2.4.1_31 departamento'!S$14 -> 16.970955 | I11: =+'Indicador 2.4.1_31 departamento'!V$14 -> 58.062972 | J11: =+'Indicador 2.4.1_31 departamento'!Y$14 -> 0.82895198 | K11: =+'Indicador 2.4.1_31 departamento'!AB$14 -> 0.088507144 | L11: =+'Indicador 2.4.1_31 departamento'!AE$14 -> 19.489688
B12: Deseable | C12: =+'Indicador 2.4.1_31 departamento'!E$14 -> 50.142415 | D12: =+'Indicador 2.4.1_31 departamento'!H$14 -> 1.4863284 | E12: =+'Indicador 2.4.1_31 departamento'!K$14 -> 91.713784 | F12: =+'Indicador 2.4.1_31 departamento'!N$14 -> 98.585523 | G12: =+'Indicador 2.4.1_31 departamento'!Q$14 -> 45.678862 | H12: =+'Indicador 2.4.1_31 departamento'!T$14 -> 54.151475 | I12: =+'Indicador 2.4.1_31 departamento'!W$14 -> 39.781146 | J12: =+'Indicador 2.4.1_31 departamento'!Z$14 -> 52.087029 | K12: =+'Indicador 2.4.1_31 departamento'!AC$14 -> 99.911493 | L12: =+'Indicador 2.4.1_31 departamento'!AF$14 -> 54.488207
N22: De acuerdo con el Subindicador 3, el 75,4 % de la superficie agrícola del departamento de Antioquia se califica como insostenible.

Sheet Tablero_ Boyacá_ 2.4.1
N1: Regresar al índice
A3: Encuesta Nacional Agropecuaria ENA
A5: Objetivo Desarrollo Sostenible (ODS), indicador 2.4.1 Proporción de la superficie agrícola en que se practica una agricultura productiva y sostenible.
A6: Región Andina_Boyacá
A7: 2023
B9: Porcentaje de superficie agrícola | C9: Subindicador 2. Ingresos agrícolas netos | D9: Subindicador 3. Mecanismos de mitigación de riesgos | E9: Subindicador 4. Prevalencia de la degradación del suelo | F9: Subindicador 5. Variación en la disponibilidad de agua | G9: Subindicador 6. Gestión de fertilizantes | H9: Subindicador 7. Gestión de plaguicidas | I9: Subindicador 8. Uso de prácticas respetuosas con la biodiversidad agrícola | J9: Subindicador 9. Escala de salarios en la agricultura | K9: Subindicador 10. Escala de experiencia de la inseguridad alimentaria | L9: Subindicador 11. Seguridad de los derechos de tenencia de la tierra
B10: Insostenible | C10: =+'Indicador 2.4.1_31 departamento'!C$15 -> 10.821817 | D10: =+'Indicador 2.4.1_31 departamento'!F$15 -> 57.940549 | E10: =+'Indicador 2.4.1_31 departamento'!I$15 -> 1.7448061 | F10: =+'Indicador 2.4.1_31 departamento'!L$15 -> 8.4607172 | G10: =+'Indicador 2.4.1_31 departamento'!O$15 -> 34.531211 | H10: =+'Indicador 2.4.1_31 departamento'!R$15 -> 28.87079 | I10: =+'Indicador 2.4.1_31 departamento'!U$15 -> 0.63696876 | J10: =+'Indicador 2.4.1_31 departamento'!X$15 -> 22.425209 | K10: =+'Indicador 2.4.1_31 departamento'!AA$15 -> 0 | L10: =+'Indicador 2.4.1_31 departamento'!AD$15 -> 15.211621
B11: Aceptable | C11: =+'Indicador 2.4.1_31 departamento'!D$15 -> 54.449834 | D11: =+'Indicador 2.4.1_31 departamento'!G$15 -> 39.451914 | E11: =+'Indicador 2.4.1_31 departamento'!J$15 -> 0.93324018 | F11: =+'Indicador 2.4.1_31 departamento'!M$15 -> 1.2752248 | G11: =+'Indicador 2.4.1_31 departamento'!P$15 -> 3.599189 | H11: =+'Indicador 2.4.1_31 departamento'!S$15 -> 6.8081954 | I11: =+'Indicador 2.4.1_31 departamento'!V$15 -> 51.531831 | J11: =+'Indicador 2.4.1_31 departamento'!Y$15 -> 1.5970696 | K11: =+'Indicador 2.4.1_31 departamento'!AB$15 -> 0.18824705 | L11: =+'Indicador 2.4.1_31 departamento'!AE$15 -> 25.635724
B12: Deseable | C12: =+'Indicador 2.4.1_31 departamento'!E$15 -> 34.728349 | D12: =+'Indicador 2.4.1_31 departamento'!H$15 -> 2.6075363 | E12: =+'Indicador 2.4.1_31 departamento'!K$15 -> 97.321954 | F12: =+'Indicador 2.4.1_31 departamento'!N$15 -> 90.264058 | G12: =+'Indicador 2.4.1_31 departamento'!Q$15 -> 61.8696 | H12: =+'Indicador 2.4.1_31 departamento'!T$15 -> 64.321014 | I12: =+'Indicador 2.4.1_31 departamento'!W$15 -> 47.8312 | J12: =+'Indicador 2.4.1_31 departamento'!Z$15 -> 75.977721 | K12: =+'Indicador 2.4.1_31 departamento'!AC$15 -> 99.811753 | L12: =+'Indicador 2.4.1_31 departamento'!AF$15 -> 59.152654
M23: De acuerdo con el Subindicador 3, el 57,9 % de la superficie agrícola del departamento de Boyacá se califica como insostenible.

Sheet Tablero_ Caldas_ 2.4.1
N1: Regresar al índice
A3: Encuesta Nacional Agropecuaria ENA
A5: Objetivo Desarrollo Sostenible (ODS), indicador 2.4.1 Proporción de la superficie agrícola en que se practica una agricultura productiva y sostenible.
A6: Región Andina_Caldas
A7: 2023
B9: Porcentaje de superficie agrícola | C9: Subindicador 2. Ingresos agrícolas netos | D9: Subindicador 3. Mecanismos de mitigación de riesgos | E9: Subindicador 4. Prevalencia de la degradación del suelo | F9: Subindicador 5. Variación en la disponibilidad de agua | G9: Subindicador 6. Gestión de fertilizantes | H9: Subindicador 7. Gestión de plaguicidas | I9: Subindicador 8. Uso de prácticas respetuosas con la biodiversidad agrícola | J9: Subindicador 9. Escala de salarios en la agricultura | K9: Subindicador 10. Escala de experiencia de la inseguridad alimentaria | L9: Subindicador 11. Seguridad de los derechos de tenencia de la tierra
B10: Insostenible | C10: =+'Indicador 2.4.1_31 departamento'!C$16 -> 11.192357 | D10: =+'Indicador 2.4.1_31 departamento'!F$16 -> 74.162745 | E10: =+'Indicador 2.4.1_31 departamento'!I$16 -> 0.40747444 | F10: =+'Indicador 2.4.1_31 departamento'!L$16 -> 0.97304112 | G10: =+'Indicador 2.4.1_31 departamento'!O$16 -> 18.966606 | H10: =+'Indicador 2.4.1_31 departamento'!R$16 -> 9.0764103 | I10: =+'Indicador 2.4.1_31 departamento'!U$16 -> 0 | J10: =+'Indicador 2.4.1_31 departamento'!X$16 -> 40.899921 | K10: =+'Indicador 2.4.1_31 departamento'!AA$16 -> 0.0027210824 | L10: =+'Indicador 2.4.1_31 departamento'!AD$16 -> 22.177683
B11: Aceptable | C11: =+'Indicador 2.4.1_31 departamento'!D$16 -> 59.490356 | D11: =+'Indicador 2.4.1_31 departamento'!G$16 -> 24.571685 | E11: =+'Indicador 2.4.1_31 departamento'!J$16 -> 0.43844946 | F11: =+'Indicador 2.4.1_31 departamento'!M$16 -> 0.79827128 | G11: =+'Indicador 2.4.1_31 departamento'!P$16 -> 20.13396 | H11: =+'Indicador 2.4.1_31 departamento'!S$16 -> 16.715256 | I11: =+'Indicador 2.4.1_31 departamento'!V$16 -> 48.723835 | J11: =+'Indicador 2.4.1_31 departamento'!Y$16 -> 1.9370514 | K11: =+'Indicador 2.4.1_31 departamento'!AB$16 -> 1.6077943 | L11: =+'Indicador 2.4.1_31 departamento'!AE$16 -> 7.8922393
B12: Deseable | C12: =+'Indicador 2.4.1_31 departamento'!E$16 -> 29.317287 | D12: =+'Indicador 2.4.1_31 departamento'!H$16 -> 1.2655707 | E12: =+'Indicador 2.4.1_31 departamento'!K$16 -> 99.154076 | F12: =+'Indicador 2.4.1_31 departamento'!N$16 -> 98.228688 | G12: =+'Indicador 2.4.1_31 departamento'!Q$16 -> 60.899434 | H12: =+'Indicador 2.4.1_31 departamento'!T$16 -> 74.208333 | I12: =+'Indicador 2.4.1_31 departamento'!W$16 -> 51.276165 | J12: =+'Indicador 2.4.1_31 departamento'!Z$16 -> 57.163028 | K12: =+'Indicador 2.4.1_31 departamento'!AC$16 -> 98.389485 | L12: =+'Indicador 2.4.1_31 departamento'!AF$16 -> 69.930077
M19: De acuerdo con el Subindicador 3, el74,2 % de la superficie agrícola del departamento de Caldas se califica como insostenible.

Sheet Tablero_ Cundinamarca_ 2.4.1
N1: Regresar al índice
A3: Encuesta Nacional Agropecuaria ENA
A5: Objetivo Desarrollo Sostenible (ODS), indicador 2.4.1 Proporción de la superficie agrícola en que se practica una agricultura productiva y sostenible.
A6: Región Andina_Cundinamarca
A7: 2023
B9: Porcentaje de superficie agrícola | C9: Subindicador 2. Ingresos agrícolas netos | D9: Subindicador 3. Mecanismos de mitigación de riesgos | E9: Subindicador 4. Prevalencia de la degradación del suelo | F9: Subindicador 5. Variación en la disponibilidad de agua | G9: Subindicador 6. Gestión de fertilizantes | H9: Subindicador 7. Gestión de plaguicidas | I9: Subindicador 8. Uso de prácticas respetuosas con la biodiversidad agrícola | J9: Subindicador 9. Escala de salarios en la agricultura | K9: Subindicador 10. Escala de experiencia de la inseguridad alimentaria | L9: Subindicador 11. Seguridad de los derechos de tenencia de la tierra
B10: Insostenible | C10: =+'Indicador 2.4.1_31 departamento'!C$17 -> 15.183499 | D10: =+'Indicador 2.4.1_31 departamento'!F$17 -> 67.093503 | E10: =+'Indicador 2.4.1_31 departamento'!I$17 -> 1.0323631 | F10: =+'Indicador 2.4.1_31 departamento'!L$17 -> 9.823729 | G10: =+'Indicador 2.4.1_31 departamento'!O$17 -> 34.265178 | H10: =+'Indicador 2.4.1_31 departamento'!R$17 -> 21.361583 | I10: =+'Indicador 2.4.1_31 departamento'!U$17 -> 0.27270069 | J10: =+'Indicador 2.4.1_31 departamento'!X$17 -> 34.096214 | K10: =+'Indicador 2.4.1_31 departamento'!AA$17 -> 0 | L10: =+'Indicador 2.4.1_31 departamento'!AD$17 -> 15.11179
B11: Aceptable | C11: =+'Indicador 2.4.1_31 departamento'!D$17 -> 45.471803 | D11: =+'Indicador 2.4.1_31 departamento'!G$17 -> 29.648198 | E11: =+'Indicador 2.4.1_31 departamento'!J$17 -> 2.8374685 | F11: =+'Indicador 2.4.1_31 departamento'!M$17 -> 2.5701643 | G11: =+'Indicador 2.4.1_31 departamento'!P$17 -> 7.9432775 | H11: =+'Indicador 2.4.1_31 departamento'!S$17 -> 15.804675 | I11: =+'Indicador 2.4.1_31 departamento'!V$17 -> 50.694573 | J11: =+'Indicador 2.4.1_31 departamento'!Y$17 -> 4.8721643 | K11: =+'Indicador 2.4.1_31 departamento'!AB$17 -> 1.2124327 | L11: =+'Indicador 2.4.1_31 departamento'!AE$17 -> 19.522134
B12: Deseable | C12: =+'Indicador 2.4.1_31 departamento'!E$17 -> 39.344699 | D12: =+'Indicador 2.4.1_31 departamento'!H$17 -> 3.2582991 | E12: =+'Indicador 2.4.1_31 departamento'!K$17 -> 96.130168 | F12: =+'Indicador 2.4.1_31 departamento'!N$17 -> 87.606107 | G12: =+'Indicador 2.4.1_31 departamento'!Q$17 -> 57.791545 | H12: =+'Indicador 2.4.1_31 departamento'!T$17 -> 62.833742 | I12: =+'Indicador 2.4.1_31 departamento'!W$17 -> 49.032727 | J12: =+'Indicador 2.4.1_31 departamento'!Z$17 -> 61.031622 | K12: =+'Indicador 2.4.1_31 departamento'!AC$17 -> 98.787567 | L12: =+'Indicador 2.4.1_31 departamento'!AF$17 -> 65.366076
M21: De acuerdo con el Subindicador 3, el 67,1 % de la superficie agrícola del departamento de Cundinamarca se califica como insostenible.

Sheet Tablero_ Huila_ 2.4.1
N1: Regresar al índice
A3: Encuesta Nacional Agropecuaria ENA
A5: Objetivo Desarrollo Sostenible (ODS), indicador 2.4.1 Proporción de la superficie agrícola en que se practica una agricultura productiva y sostenible.
A6: Región Andina_Huila
A7: 2023
B9: Porcentaje de superficie agrícola | C9: Subindicador 2. Ingresos agrícolas netos | D9: Subindicador 3. Mecanismos de mitigación de riesgos | E9: Subindicador 4. Prevalencia de la degradación del suelo | F9: Subindicador 5. Variación en la disponibilidad de agua | G9: Subindicador 6. Gestión de fertilizantes | H9: Subindicador 7. Gestión de plaguicidas | I9: Subindicador 8. Uso de prácticas respetuosas con la biodiversidad agrícola | J9: Subindicador 9. Escala de salarios en la agricultura | K9: Subindicador 10. Escala de experiencia de la inseguridad alimentaria | L9: Subindicador 11. Seguridad de los derechos de tenencia de la tierra
B10: Insostenible | C10: =+'Indicador 2.4.1_31 departamento'!C$18 -> 4.4620023 | D10: =+'Indicador 2.4.1_31 departamento'!F$18 -> 66.432572 | E10: =+'Indicador 2.4.1_31 departamento'!I$18 -> 0.39161108 | F10: =+'Indicador 2.4.1_31 departamento'!L$18 -> 2.3937547 | G10: =+'Indicador 2.4.1_31 departamento'!O$18 -> 44.013251 | H10: =+'Indicador 2.4.1_31 departamento'!R$18 -> 27.203095 | I10: =+'Indicador 2.4.1_31 departamento'!U$18 -> 3.3207006 | J10: =+'Indicador 2.4.1_31 departamento'!X$18 -> 32.601395 | K10: =+'Indicador 2.4.1_31 departamento'!AA$18 -> 0 | L10: =+'Indicador 2.4.1_31 departamento'!AD$18 -> 1.5885438
B11: Aceptable | C11: =+'Indicador 2.4.1_31 departamento'!D$18 -> 51.753339 | D11: =+'Indicador 2.4.1_31 departamento'!G$18 -> 28.288819 | E11: =+'Indicador 2.4.1_31 departamento'!J$18 -> 0.5212535 | F11: =+'Indicador 2.4.1_31 departamento'!M$18 -> 6.955379 | G11: =+'Indicador 2.4.1_31 departamento'!P$18 -> 8.709431 | H11: =+'Indicador 2.4.1_31 departamento'!S$18 -> 11.234261 | I11: =+'Indicador 2.4.1_31 departamento'!V$18 -> 52.731097 | J11: =+'Indicador 2.4.1_31 departamento'!Y$18 -> 4.9059796 | K11: =+'Indicador 2.4.1_31 departamento'!AB$18 -> 0.17855657 | L11: =+'Indicador 2.4.1_31 departamento'!AE$18 -> 44.951103
B12: Deseable | C12: =+'Indicador 2.4.1_31 departamento'!E$18 -> 43.784659 | D12: =+'Indicador 2.4.1_31 departamento'!H$18 -> 5.2786084 | E12: =+'Indicador 2.4.1_31 departamento'!K$18 -> 99.087135 | F12: =+'Indicador 2.4.1_31 departamento'!N$18 -> 90.650866 | G12: =+'Indicador 2.4.1_31 departamento'!Q$18 -> 47.277318 | H12: =+'Indicador 2.4.1_31 departamento'!T$18 -> 61.562643 | I12: =+'Indicador 2.4.1_31 departamento'!W$18 -> 43.948202 | J12: =+'Indicador 2.4.1_31 departamento'!Z$18 -> 62.492625 | K12: =+'Indicador 2.4.1_31 departamento'!AC$18 -> 99.821443 | L12: =+'Indicador 2.4.1_31 departamento'!AF$18 -> 53.460353
M20: De acuerdo con el Subindicador 3, el 66,4 % de la superficie agrícola del departamento del Huila se califica como insostenible.

Sheet Tablero_Norte Santander_2.4.1
N1: Regresar al índice
A3: Encuesta Nacional Agropecuaria ENA
A5: Objetivo Desarrollo Sostenible (ODS), indicador 2.4.1 Proporción de la superficie agrícola en que se practica una agricultura productiva y sostenible.
A6: Región Andina_Norte de Santander
A7: 2023
B9: Porcentaje de superficie agrícola | C9: Subindicador 2. Ingresos agrícolas netos | D9: Subindicador 3. Mecanismos de mitigación de riesgos | E9: Subindicador 4. Prevalencia de la degradación del suelo | F9: Subindicador 5. Variación en la disponibilidad de agua | G9: Subindicador 6. Gestión de fertilizantes | H9: Subindicador 7. Gestión de plaguicidas | I9: Subindicador 8. Uso de prácticas respetuosas con la biodiversidad agrícola | J9: Subindicador 9. Escala de salarios en la agricultura | K9: Subindicador 10. Escala de experiencia de la inseguridad alimentaria | L9: Subindicador 11. Seguridad de los derechos de tenencia de la tierra
B10: Insostenible | C10: =+'Indicador 2.4.1_31 departamento'!C$19 -> 11.355193 | D10: =+'Indicador 2.4.1_31 departamento'!F$19 -> 63.34174 | E10: =+'Indicador 2.4.1_31 departamento'!I$19 -> 2.5303499 | F10: =+'Indicador 2.4.1_31 departamento'!L$19 -> 16.556159 | G10: =+'Indicador 2.4.1_31 departamento'!O$19 -> 38.730997 | H10: =+'Indicador 2.4.1_31 departamento'!R$19 -> 32.08583 | I10: =+'Indicador 2.4.1_31 departamento'!U$19 -> 0.079398859 | J10: =+'Indicador 2.4.1_31 departamento'!X$19 -> 47.851293 | K10: =+'Indicador 2.4.1_31 departamento'!AA$19 -> 0.12834422 | L10: =+'Indicador 2.4.1_31 departamento'!AD$19 -> 7.8985678
B11: Aceptable | C11: =+'Indicador 2.4.1_31 departamento'!D$19 -> 57.007205 | D11: =+'Indicador 2.4.1_31 departamento'!G$19 -> 33.396225 | E11: =+'Indicador 2.4.1_31 departamento'!J$19 -> 8.7837372 | F11: =+'Indicador 2.4.1_31 departamento'!M$19 -> 2.865453 | G11: =+'Indicador 2.4.1_31 departamento'!P$19 -> 18.580659 | H11: =+'Indicador 2.4.1_31 departamento'!S$19 -> 19.712969 | I11: =+'Indicador 2.4.1_31 departamento'!V$19 -> 27.71896 | J11: =+'Indicador 2.4.1_31 departamento'!Y$19 -> 5.9772075 | K11: =+'Indicador 2.4.1_31 departamento'!AB$19 -> 13.484258 | L11: =+'Indicador 2.4.1_31 departamento'!AE$19 -> 34.106943
B12: Deseable | C12: =+'Indicador 2.4.1_31 departamento'!E$19 -> 31.637602 | D12: =+'Indicador 2.4.1_31 departamento'!H$19 -> 3.2620344 | E12: =+'Indicador 2.4.1_31 departamento'!K$19 -> 88.685913 | F12: =+'Indicador 2.4.1_31 departamento'!N$19 -> 80.578388 | G12: =+'Indicador 2.4.1_31 departamento'!Q$19 -> 42.688344 | H12: =+'Indicador 2.4.1_31 departamento'!T$19 -> 48.201201 | I12: =+'Indicador 2.4.1_31 departamento'!W$19 -> 72.201641 | J12: =+'Indicador 2.4.1_31 departamento'!Z$19 -> 46.171499 | K12: =+'Indicador 2.4.1_31 departamento'!AC$19 -> 86.387398 | L12: =+'Indicador 2.4.1_31 departamento'!AF$19 -> 57.994489
M22: De acuerdo con el Subindicador 3, el 63,3 % de la superficie agrícola del departamento Norte de Santander se califica como insostenible.

Sheet Tablero_Quindío_2.4.1
N1: Regresar al índice
A3: Encuesta Nacional Agropecuaria ENA
A5: Objetivo Desarrollo Sostenible (ODS), indicador 2.4.1 Proporción de la superficie agrícola en que se practica una agricultura productiva y sostenible.
A6: Región Andina_Quindío
A7: 2023
B9: Porcentaje de superficie agrícola | C9: Subindicador 2. Ingresos agrícolas netos | D9: Subindicador 3. Mecanismos de mitigación de riesgos | E9: Subindicador 4. Prevalencia de la degradación del suelo | F9: Subindicador 5. Variación en la disponibilidad de agua | G9: Subindicador 6. Gestión de fertilizantes | H9: Subindicador 7. Gestión de plaguicidas | I9: Subindicador 8. Uso de prácticas respetuosas con la biodiversidad agrícola | J9: Subindicador 9. Escala de salarios en la agricultura | K9: Subindicador 10. Escala de experiencia de la inseguridad alimentaria | L9: Subindicador 11. Seguridad de los derechos de tenencia de la tierra
B10: Insostenible | C10: =+'Indicador 2.4.1_31 departamento'!C$20 -> 7.5353475 | D10: =+'Indicador 2.4.1_31 departamento'!F$20 -> 69.582877 | E10: =+'Indicador 2.4.1_31 departamento'!I$20 -> 0.12719391 | F10: =+'Indicador 2.4.1_31 departamento'!L$20 -> 0.29626922 | G10: =+'Indicador 2.4.1_31 departamento'!O$20 -> 52.218964 | H10: =+'Indicador 2.4.1_31 departamento'!R$20 -> 13.781426 | I10: =+'Indicador 2.4.1_31 departamento'!U$20 -> 0 | J10: =+'Indicador 2.4.1_31 departamento'!X$20 -> 46.297965 | K10: =+'Indicador 2.4.1_31 departamento'!AA$20 -> 0 | L10: =+'Indicador 2.4.1_31 departamento'!AD$20 -> 14.457874
B11: Aceptable | C11: =+'Indicador 2.4.1_31 departamento'!D$20 -> 42.89236 | D11: =+'Indicador 2.4.1_31 departamento'!G$20 -> 29.582419 | E11: =+'Indicador 2.4.1_31 departamento'!J$20 -> 0.67529733 | F11: =+'Indicador 2.4.1_31 departamento'!M$20 -> 0.035214682 | G11: =+'Indicador 2.4.1_31 departamento'!P$20 -> 18.125865 | H11: =+'Indicador 2.4.1_31 departamento'!S$20 -> 30.654483 | I11: =+'Indicador 2.4.1_31 departamento'!V$20 -> 78.914125 | J11: =+'Indicador 2.4.1_31 departamento'!Y$20 -> 0.77857302 | K11: =+'Indicador 2.4.1_31 departamento'!AB$20 -> 0.0022514784 | L11: =+'Indicador 2.4.1_31 departamento'!AE$20 -> 25.367466
B12: Deseable | C12: =+'Indicador 2.4.1_31 departamento'!E$20 -> 49.572292 | D12: =+'Indicador 2.4.1_31 departamento'!H$20 -> 0.83470396 | E12: =+'Indicador 2.4.1_31 departamento'!K$20 -> 99.197509 | F12: =+'Indicador 2.4.1_31 departamento'!N$20 -> 99.668516 | G12: =+'Indicador 2.4.1_31 departamento'!Q$20 -> 29.655171 | H12: =+'Indicador 2.4.1_31 departamento'!T$20 -> 55.56409 | I12: =+'Indicador 2.4.1_31 departamento'!W$20 -> 21.085875 | J12: =+'Indicador 2.4.1_31 departamento'!Z$20 -> 52.923462 | K12: =+'Indicador 2.4.1_31 departamento'!AC$20 -> 99.997749 | L12: =+'Indicador 2.4.1_31 departamento'!AF$20 -> 60.17466
M20: De acuerdo con el Subindicador 3, el 69,6 % de la superficie agrícola del departamento de Quindío se califica como insostenible.

Sheet Tablero_Risaralda_2.4.1
N1: Regresar al índice
A3: Encuesta Nacional Agropecuaria ENA
A5: Objetivo Desarrollo Sostenible (ODS), indicador 2.4.1 Proporción de la superficie agrícola en que se practica una agricultura productiva y sostenible.
A6: Región Andina_Risaralda
A7: 2023
B9: Porcentaje de superficie agrícola | C9: Subindicador 2. Ingresos agrícolas netos | D9: Subindicador 3. Mecanismos de mitigación de riesgos | E9: Subindicador 4. Prevalencia de la degradación del suelo | F9: Subindicador 5. Variación en la disponibilidad de agua | G9: Subindicador 6. Gestión de fertilizantes | H9: Subindicador 7. Gestión de plaguicidas | I9: Subindicador 8. Uso de prácticas respetuosas con la biodiversidad agrícola | J9: Subindicador 9. Escala de salarios en la agricultura | K9: Subindicador 10. Escala de experiencia de la inseguridad alimentaria | L9: Subindicador 11. Seguridad de los derechos de tenencia de la tierra
B10: Insostenible | C10: =+'Indicador 2.4.1_31 departamento'!C$21 -> 17.092449 | D10: =+'Indicador 2.4.1_31 departamento'!F$21 -> 68.239256 | E10: =+'Indicador 2.4.1_31 departamento'!I$21 -> 0.45118349 | F10: =+'Indicador 2.4.1_31 departamento'!L$21 -> 1.6842445 | G10: =+'Indicador 2.4.1_31 departamento'!O$21 -> 54.991471 | H10: =+'Indicador 2.4.1_31 departamento'!R$21 -> 13.781384 | I10: =+'Indicador 2.4.1_31 departamento'!U$21 -> 0.25269793 | J10: =+'Indicador 2.4.1_31 departamento'!X$21 -> 34.211104 | K10: =+'Indicador 2.4.1_31 departamento'!AA$21 -> 0 | L10: =+'Indicador 2.4.1_31 departamento'!AD$21 -> 16.357261
B11: Aceptable | C11: =+'Indicador 2.4.1_31 departamento'!D$21 -> 39.808017 | D11: =+'Indicador 2.4.1_31 departamento'!G$21 -> 31.278972 | E11: =+'Indicador 2.4.1_31 departamento'!J$21 -> 0.97407789 | F11: =+'Indicador 2.4.1_31 departamento'!M$21 -> 0.017270149 | G11: =+'Indicador 2.4.1_31 departamento'!P$21 -> 12.768081 | H11: =+'Indicador 2.4.1_31 departamento'!S$21 -> 21.620862 | I11: =+'Indicador 2.4.1_31 departamento'!V$21 -> 53.198227 | J11: =+'Indicador 2.4.1_31 departamento'!Y$21 -> 2.6286965 | K11: =+'Indicador 2.4.1_31 departamento'!AB$21 -> 0.030920141 | L11: =+'Indicador 2.4.1_31 departamento'!AE$21 -> 25.124371
B12: Deseable | C12: =+'Indicador 2.4.1_31 departamento'!E$21 -> 43.099534 | D12: =+'Indicador 2.4.1_31 departamento'!H$21 -> 0.48177138 | E12: =+'Indicador 2.4.1_31 departamento'!K$21 -> 98.574739 | F12: =+'Indicador 2.4.1_31 departamento'!N$21 -> 98.298485 | G12: =+'Indicador 2.4.1_31 departamento'!Q$21 -> 32.240448 | H12: =+'Indicador 2.4.1_31 departamento'!T$21 -> 64.597754 | I12: =+'Indicador 2.4.1_31 departamento'!W$21 -> 46.549075 | J12: =+'Indicador 2.4.1_31 departamento'!Z$21 -> 63.160199 | K12: =+'Indicador 2.4.1_31 departamento'!AC$21 -> 99.96908 | L12: =+'Indicador 2.4.1_31 departamento'!AF$21 -> 58.518368
N20: De acuerdo con el Subindicador 3, el 68,2 % de la superficie agrícola del departamento de Risaralda se califica como insostenible.

Sheet Tablero_Santander_2.4.1
N1: Regresar al índice
A3: Encuesta Nacional Agropecuaria ENA
A5: Objetivo Desarrollo Sostenible (ODS), indicador 2.4.1 Proporción de la superficie agrícola en que se practica una agricultura productiva y sostenible.
A6: Región Andina_Santander
A7: 2023
B9: Porcentaje de superficie agrícola | C9: Subindicador 2. Ingresos agrícolas netos | D9: Subindicador 3. Mecanismos de mitigación de riesgos | E9: Subindicador 4. Prevalencia de la degradación del suelo | F9: Subindicador 5. Variación en la disponibilidad de agua | G9: Subindicador 6. Gestión de fertilizantes | H9: Subindicador 7. Gestión de plaguicidas | I9: Subindicador 8. Uso de prácticas respetuosas con la biodiversidad agrícola | J9: Subindicador 9. Escala de salarios en la agricultura | K9: Subindicador 10. Escala de experiencia de la inseguridad alimentaria | L9: Subindicador 11. Seguridad de los derechos de tenencia de la tierra
B10: Insostenible | C10: =+'Indicador 2.4.1_31 departamento'!C$22 -> 5.210246 | D10: =+'Indicador 2.4.1_31 departamento'!F$22 -> 73.416349 | E10: =+'Indicador 2.4.1_31 departamento'!I$22 -> 1.4275312 | F10: =+'Indicador 2.4.1_31 departamento'!L$22 -> 10.319162 | G10: =+'Indicador 2.4.1_31 departamento'!O$22 -> 46.716144 | H10: =+'Indicador 2.4.1_31 departamento'!R$22 -> 20.533818 | I10: =+'Indicador 2.4.1_31 departamento'!U$22 -> 0.17893529 | J10: =+'Indicador 2.4.1_31 departamento'!X$22 -> 60.216696 | K10: =+'Indicador 2.4.1_31 departamento'!AA$22 -> 0 | L10: =+'Indicador 2.4.1_31 departamento'!AD$22 -> 16.697791
B11: Aceptable | C11: =+'Indicador 2.4.1_31 departamento'!D$22 -> 36.740284 | D11: =+'Indicador 2.4.1_31 departamento'!G$22 -> 24.470155 | E11: =+'Indicador 2.4.1_31 departamento'!J$22 -> 3.0854624 | F11: =+'Indicador 2.4.1_31 departamento'!M$22 -> 0.48910253 | G11: =+'Indicador 2.4.1_31 departamento'!P$22 -> 7.7560808 | H11: =+'Indicador 2.4.1_31 departamento'!S$22 -> 23.931762 | I11: =+'Indicador 2.4.1_31 departamento'!V$22 -> 48.336078 | J11: =+'Indicador 2.4.1_31 departamento'!Y$22 -> 0.16522636 | K11: =+'Indicador 2.4.1_31 departamento'!AB$22 -> 0.29495284 | L11: =+'Indicador 2.4.1_31 departamento'!AE$22 -> 28.979955
B12: Deseable | C12: =+'Indicador 2.4.1_31 departamento'!E$22 -> 58.04947 | D12: =+'Indicador 2.4.1_31 departamento'!H$22 -> 2.1134955 | E12: =+'Indicador 2.4.1_31 departamento'!K$22 -> 95.487006 | F12: =+'Indicador 2.4.1_31 departamento'!N$22 -> 89.191735 | G12: =+'Indicador 2.4.1_31 departamento'!Q$22 -> 45.527775 | H12: =+'Indicador 2.4.1_31 departamento'!T$22 -> 55.53442 | I12: =+'Indicador 2.4.1_31 departamento'!W$22 -> 51.484987 | J12: =+'Indicador 2.4.1_31 departamento'!Z$22 -> 39.618078 | K12: =+'Indicador 2.4.1_31 departamento'!AC$22 -> 99.705047 | L12: =+'Indicador 2.4.1_31 departamento'!AF$22 -> 54.322254
M19: De acuerdo con el Subindicador 3, el 73,4 % de la superficie agrícola del departamento de Santander se califica como insostenible.

Sheet Tablero_Tolima_2.4.1
N1: Regresar al índice
A3: Encuesta Nacional Agropecuaria ENA
A5: Objetivo Desarrollo Sostenible (ODS), indicador 2.4.1 Proporción de la superficie agrícola en que se practica una agricultura productiva y sostenible.
A6: Región Andina_Tolima
A7: 2023
B9: Porcentaje de superficie agrícola | C9: Subindicador 2. Ingresos agrícolas netos | D9: Subindicador 3. Mecanismos de mitigación de riesgos | E9: Subindicador 4. Prevalencia de la degradación del suelo | F9: Subindicador 5. Variación en la disponibilidad de agua | G9: Subindicador 6. Gestión de fertilizantes | H9: Subindicador 7. Gestión de plaguicidas | I9: Subindicador 8. Uso de prácticas respetuosas con la biodiversidad agrícola | J9: Subindicador 9. Escala de salarios en la agricultura | K9: Subindicador 10. Escala de experiencia de la inseguridad alimentaria | L9: Subindicador 11. Seguridad de los derechos de tenencia de la tierra
B10: Insostenible | C10: =+'Indicador 2.4.1_31 departamento'!C$23 -> 21.584867 | D10: =+'Indicador 2.4.1_31 departamento'!F$23 -> 71.348208 | E10: =+'Indicador 2.4.1_31 departamento'!I$23 -> 1.0269714 | F10: =+'Indicador 2.4.1_31 departamento'!L$23 -> 6.5814531 | G10: =+'Indicador 2.4.1_31 departamento'!O$23 -> 29.092415 | H10: =+'Indicador 2.4.1_31 departamento'!R$23 -> 34.585754 | I10: =+'Indicador 2.4.1_31 departamento'!U$23 -> 0.03574165 | J10: =+'Indicador 2.4.1_31 departamento'!X$23 -> 43.456007 | K10: =+'Indicador 2.4.1_31 departamento'!AA$23 -> 0.26743432 | L10: =+'Indicador 2.4.1_31 departamento'!AD$23 -> 15.618927
B11: Aceptable | C11: =+'Indicador 2.4.1_31 departamento'!D$23 -> 48.286663 | D11: =+'Indicador 2.4.1_31 departamento'!G$23 -> 25.395705 | E11: =+'Indicador 2.4.1_31 departamento'!J$23 -> 3.3626309 | F11: =+'Indicador 2.4.1_31 departamento'!M$23 -> 5.7758262 | G11: =+'Indicador 2.4.1_31 departamento'!P$23 -> 15.978122 | H11: =+'Indicador 2.4.1_31 departamento'!S$23 -> 25.25884 | I11: =+'Indicador 2.4.1_31 departamento'!V$23 -> 45.007069 | J11: =+'Indicador 2.4.1_31 departamento'!Y$23 -> 1.7059098 | K11: =+'Indicador 2.4.1_31 departamento'!AB$23 -> 0.28534753 | L11: =+'Indicador 2.4.1_31 departamento'!AE$23 -> 20.341046
B12: Deseable | C12: =+'Indicador 2.4.1_31 departamento'!E$23 -> 30.12847 | D12: =+'Indicador 2.4.1_31 departamento'!H$23 -> 3.256087 | E12: =+'Indicador 2.4.1_31 departamento'!K$23 -> 95.610398 | F12: =+'Indicador 2.4.1_31 departamento'!N$23 -> 87.642721 | G12: =+'Indicador 2.4.1_31 departamento'!Q$23 -> 54.929463 | H12: =+'Indicador 2.4.1_31 departamento'!T$23 -> 40.155406 | I12: =+'Indicador 2.4.1_31 departamento'!W$23 -> 54.95719 | J12: =+'Indicador 2.4.1_31 departamento'!Z$23 -> 54.838083 | K12: =+'Indicador 2.4.1_31 departamento'!AC$23 -> 99.447218 | L12: =+'Indicador 2.4.1_31 departamento'!AF$23 -> 64.040027
N20: De acuerdo con el Subindicador 3, el 71,3 % de la superficie agrícola del departamento del Tolima se califica como insostenible.

Sheet Tablero_Atlántico_2.4.1
N1: Regresar al índice
A3: Encuesta Nacional Agropecuaria ENA
A5: Objetivo Desarrollo Sostenible (ODS), indicador 2.4.1 Proporción de la superficie agrícola en que se practica una agricultura productiva y sostenible.
A6: Región Caribe_Atlántico
A7: 2023
B9: Porcentaje de superficie agrícola | C9: Subindicador 2. Ingresos agrícolas netos | D9: Subindicador 3. Mecanismos de mitigación de riesgos | E9: Subindicador 4. Prevalencia de la degradación del suelo | F9: Subindicador 5. Variación en la disponibilidad de agua | G9: Subindicador 6. Gestión de fertilizantes | H9: Subindicador 7. Gestión de plaguicidas | I9: Subindicador 8. Uso de prácticas respetuosas con la biodiversidad agrícola | J9: Subindicador 9. Escala de salarios en la agricultura | K9: Subindicador 10. Escala de experiencia de la inseguridad alimentaria | L9: Subindicador 11. Seguridad de los derechos de tenencia de la tierra
B10: Insostenible | C10: =+'Indicador 2.4.1_31 departamento'!C$25 -> 8.1441133 | D10: =+'Indicador 2.4.1_31 departamento'!F$25 -> 69.722873 | E10: =+'Indicador 2.4.1_31 departamento'!I$25 -> 2.3088198 | F10: =+'Indicador 2.4.1_31 departamento'!L$25 -> 4.165788 | G10: =+'Indicador 2.4.1_31 departamento'!O$25 -> 23.436441 | H10: =+'Indicador 2.4.1_31 departamento'!R$25 -> 27.180921 | I10: =+'Indicador 2.4.1_31 departamento'!U$25 -> 1.7533355 | J10: =+'Indicador 2.4.1_31 departamento'!X$25 -> 48.706934 | K10: =+'Indicador 2.4.1_31 departamento'!AA$25 -> 0 | L10: =+'Indicador 2.4.1_31 departamento'!AD$25 -> 19.406037
B11: Aceptable | C11: =+'Indicador 2.4.1_31 departamento'!D$25 -> 36.727813 | D11: =+'Indicador 2.4.1_31 departamento'!G$25 -> 29.17177 | E11: =+'Indicador 2.4.1_31 departamento'!J$25 -> 8.0474512 | F11: =+'Indicador 2.4.1_31 departamento'!M$25 -> 0.26763053 | G11: =+'Indicador 2.4.1_31 departamento'!P$25 -> 1.8975853 | H11: =+'Indicador 2.4.1_31 departamento'!S$25 -> 16.997989 | I11: =+'Indicador 2.4.1_31 departamento'!V$25 -> 57.685757 | J11: =+'Indicador 2.4.1_31 departamento'!Y$25 -> 0.30501215 | K11: =+'Indicador 2.4.1_31 departamento'!AB$25 -> 1.234916 | L11: =+'Indicador 2.4.1_31 departamento'!AE$25 -> 14.267833
B12: Deseable | C12: =+'Indicador 2.4.1_31 departamento'!E$25 -> 55.128074 | D12: =+'Indicador 2.4.1_31 departamento'!H$25 -> 1.1053568 | E12: =+'Indicador 2.4.1_31 departamento'!K$25 -> 89.643729 | F12: =+'Indicador 2.4.1_31 departamento'!N$25 -> 95.566581 | G12: =+'Indicador 2.4.1_31 departamento'!Q$25 -> 74.665974 | H12: =+'Indicador 2.4.1_31 departamento'!T$25 -> 55.82109 | I12: =+'Indicador 2.4.1_31 departamento'!W$25 -> 40.560907 | J12: =+'Indicador 2.4.1_31 departamento'!Z$25 -> 50.988054 | K12: =+'Indicador 2.4.1_31 departamento'!AC$25 -> 98.765084 | L12: =+'Indicador 2.4.1_31 departamento'!AF$25 -> 66.326129
N19: De acuerdo con el Subindicador 3, el 69,7 % de la superficie agrícola del departamento de Atlántico se califica como insostenible.

Sheet Tablero_San Ándres _2.4.1
N1: Regresar al índice
A3: Encuesta Nacional Agropecuaria ENA
A5: Objetivo Desarrollo Sostenible (ODS), indicador 2.4.1 Proporción de la superficie agrícola en que se practica una agricultura productiva y sostenible.
A6: Región Caribe_Archipiélago de San Andrés
A7: 2023
B9: Porcentaje de superficie agrícola | C9: Subindicador 2. Ingresos agrícolas netos | D9: Subindicador 3. Mecanismos de mitigación de riesgos | E9: Subindicador 4. Prevalencia de la degradación del suelo | F9: Subindicador 5. Variación en la disponibilidad de agua | G9: Subindicador 6. Gestión de fertilizantes | H9: Subindicador 7. Gestión de plaguicidas | I9: Subindicador 8. Uso de prácticas respetuosas con la biodiversidad agrícola | J9: Subindicador 9. Escala de salarios en la agricultura | K9: Subindicador 10. Escala de experiencia de la inseguridad alimentaria | L9: Subindicador 11. Seguridad de los derechos de tenencia de la tierra
B10: Insostenible | C10: =+'Indicador 2.4.1_31 departamento'!C$26 -> 0 | D10: =+'Indicador 2.4.1_31 departamento'!F$26 -> 88.888889 | E10: =+'Indicador 2.4.1_31 departamento'!I$26 -> 0 | F10: =+'Indicador 2.4.1_31 departamento'!L$26 -> 33.195417 | G10: =+'Indicador 2.4.1_31 departamento'!O$26 -> 62.304998 | H10: =+'Indicador 2.4.1_31 departamento'!R$26 -> 0 | I10: =+'Indicador 2.4.1_31 departamento'!U$26 -> 0 | J10: =+'Indicador 2.4.1_31 departamento'!X$26 -> 0 | K10: =+'Indicador 2.4.1_31 departamento'!AA$26 -> 0 | L10: =+'Indicador 2.4.1_31 departamento'!AD$26 -> 3.214513
B11: Aceptable | C11: =+'Indicador 2.4.1_31 departamento'!D$26 -> 71.19669 | D11: =+'Indicador 2.4.1_31 departamento'!G$26 -> 11.111111 | E11: =+'Indicador 2.4.1_31 departamento'!J$26 -> 0.70019096 | F11: =+'Indicador 2.4.1_31 departamento'!M$26 -> 0 | G11: =+'Indicador 2.4.1_31 departamento'!P$26 -> 0 | H11: =+'Indicador 2.4.1_31 departamento'!S$26 -> 0 | I11: =+'Indicador 2.4.1_31 departamento'!V$26 -> 71.792423 | J11: =+'Indicador 2.4.1_31 departamento'!Y$26 -> 0 | K11: =+'Indicador 2.4.1_31 departamento'!AB$26 -> 0 | L11: =+'Indicador 2.4.1_31 departamento'!AE$26 -> 93.984723
B12: Deseable | C12: =+'Indicador 2.4.1_31 departamento'!E$26 -> 28.80331 | D12: =+'Indicador 2.4.1_31 departamento'!H$26 -> 0 | E12: =+'Indicador 2.4.1_31 departamento'!K$26 -> 99.299809 | F12: =+'Indicador 2.4.1_31 departamento'!N$26 -> 66.804583 | G12: =+'Indicador 2.4.1_31 departamento'!Q$26 -> 37.695002 | H12: =+'Indicador 2.4.1_31 departamento'!T$26 -> 100 | I12: =+'Indicador 2.4.1_31 departamento'!W$26 -> 28.207577 | J12: =+'Indicador 2.4.1_31 departamento'!Z$26 -> 100 | K12: =+'Indicador 2.4.1_31 departamento'!AC$26 -> 100 | L12: =+'Indicador 2.4.1_31 departamento'!AF$26 -> 2.8007638
N17: De acuerdo con el Subindicador 3, el 88,9 % de la superficie agrícola del departamento de San Ándres se califica como insostenible.

Sheet Tablero_Bolívar _2.4.1
N1: Regresar al índice
A3: Encuesta Nacional Agropecuaria ENA
A5: Objetivo Desarrollo Sostenible (ODS), indicador 2.4.1 Proporción de la superficie agrícola en que se practica una agricultura productiva y sostenible.
A6: Región Caribe_Bolívar
A7: 2023
B9: Porcentaje de superficie agrícola | C9: Subindicador 2. Ingresos agrícolas netos | D9: Subindicador 3. Mecanismos de mitigación de riesgos | E9: Subindicador 4. Prevalencia de la degradación del suelo | F9: Subindicador 5. Variación en la disponibilidad de agua | G9: Subindicador 6. Gestión de fertilizantes | H9: Subindicador 7. Gestión de plaguicidas | I9: Subindicador 8. Uso de prácticas respetuosas con la biodiversidad agrícola | J9: Subindicador 9. Escala de salarios en la agricultura | K9: Subindicador 10. Escala de experiencia de la inseguridad alimentaria | L9: Subindicador 11. Seguridad de los derechos de tenencia de la tierra
B10: Insostenible | C10: =+'Indicador 2.4.1_31 departamento'!C$27 -> 5.04051 | D10: =+'Indicador 2.4.1_31 departamento'!F$27 -> 71.953503 | E10: =+'Indicador 2.4.1_31 departamento'!I$27 -> 6.0176078 | F10: =+'Indicador 2.4.1_31 departamento'!L$27 -> 6.3542259 | G10: =+'Indicador 2.4.1_31 departamento'!O$27 -> 22.865698 | H10: =+'Indicador 2.4.1_31 departamento'!R$27 -> 39.902243 | I10: =+'Indicador 2.4.1_31 departamento'!U$27 -> 2.4045814 | J10: =+'Indicador 2.4.1_31 departamento'!X$27 -> 67.410236 | K10: =+'Indicador 2.4.1_31 departamento'!AA$27 -> 0 | L10: =+'Indicador 2.4.1_31 departamento'!AD$27 -> 16.216954
B11: Aceptable | C11: =+'Indicador 2.4.1_31 departamento'!D$27 -> 31.769824 | D11: =+'Indicador 2.4.1_31 departamento'!G$27 -> 27.697036 | E11: =+'Indicador 2.4.1_31 departamento'!J$27 -> 6.3963935 | F11: =+'Indicador 2.4.1_31 departamento'!M$27 -> 1.2144277 | G11: =+'Indicador 2.4.1_31 departamento'!P$27 -> 8.7200934 | H11: =+'Indicador 2.4.1_31 departamento'!S$27 -> 16.685753 | I11: =+'Indicador 2.4.1_31 departamento'!V$27 -> 51.754941 | J11: =+'Indicador 2.4.1_31 departamento'!Y$27 -> 1.2135592 | K11: =+'Indicador 2.4.1_31 departamento'!AB$27 -> 0.23591796 | L11: =+'Indicador 2.4.1_31 departamento'!AE$27 -> 19.08799
B12: Deseable | C12: =+'Indicador 2.4.1_31 departamento'!E$27 -> 63.189666 | D12: =+'Indicador 2.4.1_31 departamento'!H$27 -> 0.34946171 | E12: =+'Indicador 2.4.1_31 departamento'!K$27 -> 87.585999 | F12: =+'Indicador 2.4.1_31 departamento'!N$27 -> 92.431346 | G12: =+'Indicador 2.4.1_31 departamento'!Q$27 -> 68.414209 | H12: =+'Indicador 2.4.1_31 departamento'!T$27 -> 43.412004 | I12: =+'Indicador 2.4.1_31 departamento'!W$27 -> 45.840477 | J12: =+'Indicador 2.4.1_31 departamento'!Z$27 -> 31.376205 | K12: =+'Indicador 2.4.1_31 departamento'!AC$27 -> 99.764082 | L12: =+'Indicador 2.4.1_31 departamento'!AF$27 -> 64.695056
N20: De acuerdo con el Subindicador 3, el 72,0 % de la superficie agrícola del departamento de Bolívar,se califica como insostenible.

Sheet Tablero_Cesar _2.4.1
N1: Regresar al índice
A3: Encuesta Nacional Agropecuaria ENA
A5: Objetivo Desarrollo Sostenible (ODS), indicador 2.4.1 Proporción de la superficie agrícola en que se practica una agricultura productiva y sostenible.
A6: Región Caribe_Cesar
A7: 2023
B9: Porcentaje de superficie agrícola | C9: Subindicador 2. Ingresos agrícolas netos | D9: Subindicador 3. Mecanismos de mitigación de riesgos | E9: Subindicador 4. Prevalencia de la degradación del suelo | F9: Subindicador 5. Variación en la disponibilidad de agua | G9: Subindicador 6. Gestión de fertilizantes | H9: Subindicador 7. Gestión de plaguicidas | I9: Subindicador 8. Uso de prácticas respetuosas con la biodiversidad agrícola | J9: Subindicador 9. Escala de salarios en la agricultura | K9: Subindicador 10. Escala de experiencia de la inseguridad alimentaria | L9: Subindicador 11. Seguridad de los derechos de tenencia de la tierra
B10: Insostenible | C10: =+'Indicador 2.4.1_31 departamento'!C$28 -> 4.0662565 | D10: =+'Indicador 2.4.1_31 departamento'!F$28 -> 75.518345 | E10: =+'Indicador 2.4.1_31 departamento'!I$28 -> 3.2504848 | F10: =+'Indicador 2.4.1_31 departamento'!L$28 -> 12.865531 | G10: =+'Indicador 2.4.1_31 departamento'!O$28 -> 43.913822 | H10: =+'Indicador 2.4.1_31 departamento'!R$28 -> 53.45551 | I10: =+'Indicador 2.4.1_31 departamento'!U$28 -> 2.7665143 | J10: =+'Indicador 2.4.1_31 departamento'!X$28 -> 74.285399 | K10: =+'Indicador 2.4.1_31 departamento'!AA$28 -> 0 | L10: =+'Indicador 2.4.1_31 departamento'!AD$28 -> 16.095543
B11: Aceptable | C11: =+'Indicador 2.4.1_31 departamento'!D$28 -> 40.313252 | D11: =+'Indicador 2.4.1_31 departamento'!G$28 -> 22.659767 | E11: =+'Indicador 2.4.1_31 departamento'!J$28 -> 5.8831353 | F11: =+'Indicador 2.4.1_31 departamento'!M$28 -> 2.864472 | G11: =+'Indicador 2.4.1_31 departamento'!P$28 -> 9.6915093 | H11: =+'Indicador 2.4.1_31 departamento'!S$28 -> 7.7158927 | I11: =+'Indicador 2.4.1_31 departamento'!V$28 -> 39.02783 | J11: =+'Indicador 2.4.1_31 departamento'!Y$28 -> 6.5707423e-05 | K11: =+'Indicador 2.4.1_31 departamento'!AB$28 -> 0 | L11: =+'Indicador 2.4.1_31 departamento'!AE$28 -> 13.419658
B12: Deseable | C12: =+'Indicador 2.4.1_31 departamento'!E$28 -> 55.620491 | D12: =+'Indicador 2.4.1_31 departamento'!H$28 -> 1.8218888 | E12: =+'Indicador 2.4.1_31 departamento'!K$28 -> 90.86638 | F12: =+'Indicador 2.4.1_31 departamento'!N$28 -> 84.269997 | G12: =+'Indicador 2.4.1_31 departamento'!Q$28 -> 46.394668 | H12: =+'Indicador 2.4.1_31 departamento'!T$28 -> 38.828598 | I12: =+'Indicador 2.4.1_31 departamento'!W$28 -> 58.205656 | J12: =+'Indicador 2.4.1_31 departamento'!Z$28 -> 25.714535 | K12: =+'Indicador 2.4.1_31 departamento'!AC$28 -> 100 | L12: =+'Indicador 2.4.1_31 departamento'!AF$28 -> 70.484799
N20: De acuerdo con el Subindicador 3, el 75,5 % de la superficie agrícola del departamento de Cesar se califica como insostenible.

Sheet Tablero_Córdoba _2.4.1
N1: Regresar al índice
A3: Encuesta Nacional Agropecuaria ENA
A5: Objetivo Desarrollo Sostenible (ODS), indicador 2.4.1 Proporción de la superficie agrícola en que se practica una agricultura productiva y sostenible.
A6: Región Caribe_Córdoba
A7: 2023
B9: Porcentaje de superficie agrícola | C9: Subindicador 2. Ingresos agrícolas netos | D9: Subindicador 3. Mecanismos de mitigación de riesgos | E9: Subindicador 4. Prevalencia de la degradación del suelo | F9: Subindicador 5. Variación en la disponibilidad de agua | G9: Subindicador 6. Gestión de fertilizantes | H9: Subindicador 7. Gestión de plaguicidas | I9: Subindicador 8. Uso de prácticas respetuosas con la biodiversidad agrícola | J9: Subindicador 9. Escala de salarios en la agricultura | K9: Subindicador 10. Escala de experiencia de la inseguridad alimentaria | L9: Subindicador 11. Seguridad de los derechos de tenencia de la tierra
B10: Insostenible | C10: =+'Indicador 2.4.1_31 departamento'!C$29 -> 1.4874912 | D10: =+'Indicador 2.4.1_31 departamento'!F$29 -> 78.927619 | E10: =+'Indicador 2.4.1_31 departamento'!I$29 -> 1.0833246 | F10: =+'Indicador 2.4.1_31 departamento'!L$29 -> 0.26202243 | G10: =+'Indicador 2.4.1_31 departamento'!O$29 -> 36.367541 | H10: =+'Indicador 2.4.1_31 departamento'!R$29 -> 43.489272 | I10: =+'Indicador 2.4.1_31 departamento'!U$29 -> 0.44349879 | J10: =+'Indicador 2.4.1_31 departamento'!X$29 -> 69.451729 | K10: =+'Indicador 2.4.1_31 departamento'!AA$29 -> 0.010816311 | L10: =+'Indicador 2.4.1_31 departamento'!AD$29 -> 15.894763
B11: Aceptable | C11: =+'Indicador 2.4.1_31 departamento'!D$29 -> 26.404844 | D11: =+'Indicador 2.4.1_31 departamento'!G$29 -> 18.755194 | E11: =+'Indicador 2.4.1_31 departamento'!J$29 -> 3.6657642 | F11: =+'Indicador 2.4.1_31 departamento'!M$29 -> 0 | G11: =+'Indicador 2.4.1_31 departamento'!P$29 -> 21.474993 | H11: =+'Indicador 2.4.1_31 departamento'!S$29 -> 24.297353 | I11: =+'Indicador 2.4.1_31 departamento'!V$29 -> 39.713917 | J11: =+'Indicador 2.4.1_31 departamento'!Y$29 -> 0.15354029 | K11: =+'Indicador 2.4.1_31 departamento'!AB$29 -> 1.5318595 | L11: =+'Indicador 2.4.1_31 departamento'!AE$29 -> 18.076628
B12: Deseable | C12: =+'Indicador 2.4.1_31 departamento'!E$29 -> 72.107665 | D12: =+'Indicador 2.4.1_31 departamento'!H$29 -> 2.3171863 | E12: =+'Indicador 2.4.1_31 departamento'!K$29 -> 95.250911 | F12: =+'Indicador 2.4.1_31 departamento'!N$29 -> 99.737978 | G12: =+'Indicador 2.4.1_31 departamento'!Q$29 -> 42.157467 | H12: =+'Indicador 2.4.1_31 departamento'!T$29 -> 32.213376 | I12: =+'Indicador 2.4.1_31 departamento'!W$29 -> 59.842584 | J12: =+'Indicador 2.4.1_31 departamento'!Z$29 -> 30.394731 | K12: =+'Indicador 2.4.1_31 departamento'!AC$29 -> 98.457324 | L12: =+'Indicador 2.4.1_31 departamento'!AF$29 -> 66.02861
N18: De acuerdo con el Subindicador 3, el 78,9 % de la superficie agrícola del departamento de Córdoba se califica como insostenible.

Sheet Tablero_La Guajira _2.4.1
N1: Regresar al índice
A3: Encuesta Nacional Agropecuaria ENA
A5: Objetivo Desarrollo Sostenible (ODS), indicador 2.4.1 Proporción de la superficie agrícola en que se practica una agricultura productiva y sostenible.
A6: Región Caribe_La Guajira
A7: 2023
B9: Porcentaje de superficie agrícola | C9: Subindicador 2. Ingresos agrícolas netos | D9: Subindicador 3. Mecanismos de mitigación de riesgos | E9: Subindicador 4. Prevalencia de la degradación del suelo | F9: Subindicador 5. Variación en la disponibilidad de agua | G9: Subindicador 6. Gestión de fertilizantes | H9: Subindicador 7. Gestión de plaguicidas | I9: Subindicador 8. Uso de prácticas respetuosas con la biodiversidad agrícola | J9: Subindicador 9. Escala de salarios en la agricultura | K9: Subindicador 10. Escala de experiencia de la inseguridad alimentaria | L9: Subindicador 11. Seguridad de los derechos de tenencia de la tierra
B10: Insostenible | C10: =+'Indicador 2.4.1_31 departamento'!C$30 -> 63.290928 | D10: =+'Indicador 2.4.1_31 departamento'!F$30 -> 85.213099 | E10: =+'Indicador 2.4.1_31 departamento'!I$30 -> 8.0697104 | F10: =+'Indicador 2.4.1_31 departamento'!L$30 -> 0.49129411 | G10: =+'Indicador 2.4.1_31 departamento'!O$30 -> 1.0724894 | H10: =+'Indicador 2.4.1_31 departamento'!R$30 -> 4.131029 | I10: =+'Indicador 2.4.1_31 departamento'!U$30 -> 0 | J10: =+'Indicador 2.4.1_31 departamento'!X$30 -> 55.119702 | K10: =+'Indicador 2.4.1_31 departamento'!AA$30 -> 30.884206 | L10: =+'Indicador 2.4.1_31 departamento'!AD$30 -> 1.6176208
B11: Aceptable | C11: =+'Indicador 2.4.1_31 departamento'!D$30 -> 9.7572385 | D11: =+'Indicador 2.4.1_31 departamento'!G$30 -> 14.782096 | E11: =+'Indicador 2.4.1_31 departamento'!J$30 -> 0.35243091 | F11: =+'Indicador 2.4.1_31 departamento'!M$30 -> 0.1245113 | G11: =+'Indicador 2.4.1_31 departamento'!P$30 -> 0.019650821 | H11: =+'Indicador 2.4.1_31 departamento'!S$30 -> 0.11301255 | I11: =+'Indicador 2.4.1_31 departamento'!V$30 -> 7.785846 | J11: =+'Indicador 2.4.1_31 departamento'!Y$30 -> 0 | K11: =+'Indicador 2.4.1_31 departamento'!AB$30 -> 8.7129999 | L11: =+'Indicador 2.4.1_31 departamento'!AE$30 -> 4.8191712
B12: Deseable | C12: =+'Indicador 2.4.1_31 departamento'!E$30 -> 26.951833 | D12: =+'Indicador 2.4.1_31 departamento'!H$30 -> 0.004804564 | E12: =+'Indicador 2.4.1_31 departamento'!K$30 -> 91.577859 | F12: =+'Indicador 2.4.1_31 departamento'!N$30 -> 99.384195 | G12: =+'Indicador 2.4.1_31 departamento'!Q$30 -> 98.90786 | H12: =+'Indicador 2.4.1_31 departamento'!T$30 -> 95.755958 | I12: =+'Indicador 2.4.1_31 departamento'!W$30 -> 92.214154 | J12: =+'Indicador 2.4.1_31 departamento'!Z$30 -> 44.880298 | K12: =+'Indicador 2.4.1_31 departamento'!AC$30 -> 60.402794 | L12: =+'Indicador 2.4.1_31 departamento'!AF$30 -> 93.563208
N18: De acuerdo con el Subindicador 3, el 85,2 % de la superficie agrícola del departamento de La Guajira se califica como insostenible.

Sheet Tablero_Magdalena _2.4.1
N1: Regresar al índice
A3: Encuesta Nacional Agropecuaria ENA
A5: Objetivo Desarrollo Sostenible (ODS), indicador 2.4.1 Proporción de la superficie agrícola en que se practica una agricultura productiva y sostenible.
A6: Región Caribe_Magdalena
A7: 2023
B9: Porcentaje de superficie agrícola | C9: Subindicador 2. Ingresos agrícolas netos | D9: Subindicador 3. Mecanismos de mitigación de riesgos | E9: Subindicador 4. Prevalencia de la degradación del suelo | F9: Subindicador 5. Variación en la disponibilidad de agua | G9: Subindicador 6. Gestión de fertilizantes | H9: Subindicador 7. Gestión de plaguicidas | I9: Subindicador 8. Uso de prácticas respetuosas con la biodiversidad agrícola | J9: Subindicador 9. Escala de salarios en la agricultura | K9: Subindicador 10. Escala de experiencia de la inseguridad alimentaria | L9: Subindicador 11. Seguridad de los derechos de tenencia de la tierra
B10: Insostenible | C10: =+'Indicador 2.4.1_31 departamento'!C$31 -> 14.45318 | D10: =+'Indicador 2.4.1_31 departamento'!F$31 -> 85.336258 | E10: =+'Indicador 2.4.1_31 departamento'!I$31 -> 0.26657031 | F10: =+'Indicador 2.4.1_31 departamento'!L$31 -> 5.7477724 | G10: =+'Indicador 2.4.1_31 departamento'!O$31 -> 11.910716 | H10: =+'Indicador 2.4.1_31 departamento'!R$31 -> 38.935964 | I10: =+'Indicador 2.4.1_31 departamento'!U$31 -> 0.041300834 | J10: =+'Indicador 2.4.1_31 departamento'!X$31 -> 63.058318 | K10: =+'Indicador 2.4.1_31 departamento'!AA$31 -> 0 | L10: =+'Indicador 2.4.1_31 departamento'!AD$31 -> 13.987917
B11: Aceptable | C11: =+'Indicador 2.4.1_31 departamento'!D$31 -> 38.689881 | D11: =+'Indicador 2.4.1_31 departamento'!G$31 -> 12.087978 | E11: =+'Indicador 2.4.1_31 departamento'!J$31 -> 2.5177757 | F11: =+'Indicador 2.4.1_31 departamento'!M$31 -> 0.26766157 | G11: =+'Indicador 2.4.1_31 departamento'!P$31 -> 4.6014673 | H11: =+'Indicador 2.4.1_31 departamento'!S$31 -> 2.1707049 | I11: =+'Indicador 2.4.1_31 departamento'!V$31 -> 30.749066 | J11: =+'Indicador 2.4.1_31 departamento'!Y$31 -> 0.090674352 | K11: =+'Indicador 2.4.1_31 departamento'!AB$31 -> 0.00020930837 | L11: =+'Indicador 2.4.1_31 departamento'!AE$31 -> 35.411516
B12: Deseable | C12: =+'Indicador 2.4.1_31 departamento'!E$31 -> 46.856939 | D12: =+'Indicador 2.4.1_31 departamento'!H$31 -> 2.5757648 | E12: =+'Indicador 2.4.1_31 departamento'!K$31 -> 97.215654 | F12: =+'Indicador 2.4.1_31 departamento'!N$31 -> 93.984566 | G12: =+'Indicador 2.4.1_31 departamento'!Q$31 -> 83.487817 | H12: =+'Indicador 2.4.1_31 departamento'!T$31 -> 58.893331 | I12: =+'Indicador 2.4.1_31 departamento'!W$31 -> 69.209634 | J12: =+'Indicador 2.4.1_31 departamento'!Z$31 -> 36.851007 | K12: =+'Indicador 2.4.1_31 departamento'!AC$31 -> 99.999791 | L12: =+'Indicador 2.4.1_31 departamento'!AF$31 -> 50.600567
N16: De acuerdo con el Subindicador 3, el 85,3 % de la superficie agrícola del departamento de Magdalena se califica como insostenible.

Sheet Tablero_Sucre _2.4.1
N1: Regresar al índice
A3: Encuesta Nacional Agropecuaria ENA
A5: Objetivo Desarrollo Sostenible (ODS), indicador 2.4.1 Proporción de la superficie agrícola en que se practica una agricultura productiva y sostenible.
A6: Región Caribe_Sucre
A7: 2023
B9: Porcentaje de superficie agrícola | C9: Subindicador 2. Ingresos agrícolas netos | D9: Subindicador 3. Mecanismos de mitigación de riesgos | E9: Subindicador 4. Prevalencia de la degradación del suelo | F9: Subindicador 5. Variación en la disponibilidad de agua | G9: Subindicador 6. Gestión de fertilizantes | H9: Subindicador 7. Gestión de plaguicidas | I9: Subindicador 8. Uso de prácticas respetuosas con la biodiversidad agrícola | J9: Subindicador 9. Escala de salarios en la agricultura | K9: Subindicador 10. Escala de experiencia de la inseguridad alimentaria | L9: Subindicador 11. Seguridad de los derechos de tenencia de la tierra
B10: Insostenible | C10: =+'Indicador 2.4.1_31 departamento'!C$32 -> 8.8527873 | D10: =+'Indicador 2.4.1_31 departamento'!F$32 -> 70.878161 | E10: =+'Indicador 2.4.1_31 departamento'!I$32 -> 3.6897417 | F10: =+'Indicador 2.4.1_31 departamento'!L$32 -> 0.68510771 | G10: =+'Indicador 2.4.1_31 departamento'!O$32 -> 36.572932 | H10: =+'Indicador 2.4.1_31 departamento'!R$32 -> 39.073072 | I10: =+'Indicador 2.4.1_31 departamento'!U$32 -> 0.19497015 | J10: =+'Indicador 2.4.1_31 departamento'!X$32 -> 52.345815 | K10: =+'Indicador 2.4.1_31 departamento'!AA$32 -> 0 | L10: =+'Indicador 2.4.1_31 departamento'!AD$32 -> 20.077017
B11: Aceptable | C11: =+'Indicador 2.4.1_31 departamento'!D$32 -> 47.957732 | D11: =+'Indicador 2.4.1_31 departamento'!G$32 -> 25.868217 | E11: =+'Indicador 2.4.1_31 departamento'!J$32 -> 2.3521743 | F11: =+'Indicador 2.4.1_31 departamento'!M$32 -> 0.00088042854 | G11: =+'Indicador 2.4.1_31 departamento'!P$32 -> 7.5489609 | H11: =+'Indicador 2.4.1_31 departamento'!S$32 -> 7.6031533 | I11: =+'Indicador 2.4.1_31 departamento'!V$32 -> 59.022869 | J11: =+'Indicador 2.4.1_31 departamento'!Y$32 -> 0.41730074 | K11: =+'Indicador 2.4.1_31 departamento'!AB$32 -> 3.1619099 | L11: =+'Indicador 2.4.1_31 departamento'!AE$32 -> 19.698389
B12: Deseable | C12: =+'Indicador 2.4.1_31 departamento'!E$32 -> 43.18948 | D12: =+'Indicador 2.4.1_31 departamento'!H$32 -> 3.2536224 | E12: =+'Indicador 2.4.1_31 departamento'!K$32 -> 93.958084 | F12: =+'Indicador 2.4.1_31 departamento'!N$32 -> 99.314012 | G12: =+'Indicador 2.4.1_31 departamento'!Q$32 -> 55.878107 | H12: =+'Indicador 2.4.1_31 departamento'!T$32 -> 53.323775 | I12: =+'Indicador 2.4.1_31 departamento'!W$32 -> 40.782161 | J12: =+'Indicador 2.4.1_31 departamento'!Z$32 -> 47.236884 | K12: =+'Indicador 2.4.1_31 departamento'!AC$32 -> 96.83809 | L12: =+'Indicador 2.4.1_31 departamento'!AF$32 -> 60.224595
N18: De acuerdo con el Subindicador 3, el 70,9 % de la superficie agrícola del departamento de Sucre se califica como insostenible.

Sheet Tablero_Cauca _2.4.1
N1: Regresar al índice
A3: Encuesta Nacional Agropecuaria ENA
A5: Objetivo Desarrollo Sostenible (ODS), indicador 2.4.1 Proporción de la superficie agrícola en que se practica una agricultura productiva y sostenible.
A6: Región Pacífica_Cauca
A7: 2023
B9: Porcentaje de superficie agrícola | C9: Subindicador 2. Ingresos agrícolas netos | D9: Subindicador 3. Mecanismos de mitigación de riesgos | E9: Subindicador 4. Prevalencia de la degradación del suelo | F9: Subindicador 5. Variación en la disponibilidad de agua | G9: Subindicador 6. Gestión de fertilizantes | H9: Subindicador 7. Gestión de plaguicidas | I9: Subindicador 8. Uso de prácticas respetuosas con la biodiversidad agrícola | J9: Subindicador 9. Escala de salarios en la agricultura | K9: Subindicador 10. Escala de experiencia de la inseguridad alimentaria | L9: Subindicador 11. Seguridad de los derechos de tenencia de la tierra
B10: Insostenible | C10: =+'Indicador 2.4.1_31 departamento'!C$34 -> 16.152336 | D10: =+'Indicador 2.4.1_31 departamento'!F$34 -> 70.881457 | E10: =+'Indicador 2.4.1_31 departamento'!I$34 -> 1.4562886 | F10: =+'Indicador 2.4.1_31 departamento'!L$34 -> 3.0299625 | G10: =+'Indicador 2.4.1_31 departamento'!O$34 -> 28.871954 | H10: =+'Indicador 2.4.1_31 departamento'!R$34 -> 15.707074 | I10: =+'Indicador 2.4.1_31 departamento'!U$34 -> 0.092762925 | J10: =+'Indicador 2.4.1_31 departamento'!X$34 -> 26.182739 | K10: =+'Indicador 2.4.1_31 departamento'!AA$34 -> 0 | L10: =+'Indicador 2.4.1_31 departamento'!AD$34 -> 11.113123
B11: Aceptable | C11: =+'Indicador 2.4.1_31 departamento'!D$34 -> 70.5729 | D11: =+'Indicador 2.4.1_31 departamento'!G$34 -> 27.392188 | E11: =+'Indicador 2.4.1_31 departamento'!J$34 -> 6.6992145 | F11: =+'Indicador 2.4.1_31 departamento'!M$34 -> 0.87513471 | G11: =+'Indicador 2.4.1_31 departamento'!P$34 -> 5.9560835 | H11: =+'Indicador 2.4.1_31 departamento'!S$34 -> 12.439497 | I11: =+'Indicador 2.4.1_31 departamento'!V$34 -> 54.328958 | J11: =+'Indicador 2.4.1_31 departamento'!Y$34 -> 0.024357921 | K11: =+'Indicador 2.4.1_31 departamento'!AB$34 -> 0.68919754 | L11: =+'Indicador 2.4.1_31 departamento'!AE$34 -> 41.62188
B12: Deseable | C12: =+'Indicador 2.4.1_31 departamento'!E$34 -> 13.274764 | D12: =+'Indicador 2.4.1_31 departamento'!H$34 -> 1.7263552 | E12: =+'Indicador 2.4.1_31 departamento'!K$34 -> 91.844497 | F12: =+'Indicador 2.4.1_31 departamento'!N$34 -> 96.094903 | G12: =+'Indicador 2.4.1_31 departamento'!Q$34 -> 65.171962 | H12: =+'Indicador 2.4.1_31 departamento'!T$34 -> 71.85343 | I12: =+'Indicador 2.4.1_31 departamento'!W$34 -> 45.578279 | J12: =+'Indicador 2.4.1_31 departamento'!Z$34 -> 73.792903 | K12: =+'Indicador 2.4.1_31 departamento'!AC$34 -> 99.310802 | L12: =+'Indicador 2.4.1_31 departamento'!AF$34 -> 47.264997
N22: De acuerdo con el Subindicador 3, el 70,9 % de la superficie agrícola del departamento de Cauca se califica como insostenible.

Sheet Tablero_Nariño _2.4.1
N1: Regresar al índice
A3: Encuesta Nacional Agropecuaria ENA
A5: Objetivo Desarrollo Sostenible (ODS), indicador 2.4.1 Proporción de la superficie agrícola en que se practica una agricultura productiva y sostenible.
A6: Región Pacífica_Nariño
A7: 2023
B9: Porcentaje de superficie agrícola | C9: Subindicador 2. Ingresos agrícolas netos | D9: Subindicador 3. Mecanismos de mitigación de riesgos | E9: Subindicador 4. Prevalencia de la degradación del suelo | F9: Subindicador 5. Variación en la disponibilidad de agua | G9: Subindicador 6. Gestión de fertilizantes | H9: Subindicador 7. Gestión de plaguicidas | I9: Subindicador 8. Uso de prácticas respetuosas con la biodiversidad agrícola | J9: Subindicador 9. Escala de salarios en la agricultura | K9: Subindicador 10. Escala de experiencia de la inseguridad alimentaria | L9: Subindicador 11. Seguridad de los derechos de tenencia de la tierra
B10: Insostenible | C10: =+'Indicador 2.4.1_31 departamento'!C$35 -> 19.152104 | D10: =+'Indicador 2.4.1_31 departamento'!F$35 -> 52.393178 | E10: =+'Indicador 2.4.1_31 departamento'!I$35 -> 2.155401 | F10: =+'Indicador 2.4.1_31 departamento'!L$35 -> 10.637892 | G10: =+'Indicador 2.4.1_31 departamento'!O$35 -> 65.449727 | H10: =+'Indicador 2.4.1_31 departamento'!R$35 -> 40.188383 | I10: =+'Indicador 2.4.1_31 departamento'!U$35 -> 0.099580864 | J10: =+'Indicador 2.4.1_31 departamento'!X$35 -> 28.321434 | K10: =+'Indicador 2.4.1_31 departamento'!AA$35 -> 0 | L10: =+'Indicador 2.4.1_31 departamento'!AD$35 -> 6.6767628
B11: Aceptable | C11: =+'Indicador 2.4.1_31 departamento'!D$35 -> 50.588053 | D11: =+'Indicador 2.4.1_31 departamento'!G$35 -> 42.902827 | E11: =+'Indicador 2.4.1_31 departamento'!J$35 -> 3.5592069 | F11: =+'Indicador 2.4.1_31 departamento'!M$35 -> 2.0853386 | G11: =+'Indicador 2.4.1_31 departamento'!P$35 -> 8.0558777 | H11: =+'Indicador 2.4.1_31 departamento'!S$35 -> 7.3277144 | I11: =+'Indicador 2.4.1_31 departamento'!V$35 -> 57.424832 | J11: =+'Indicador 2.4.1_31 departamento'!Y$35 -> 0.52469187 | K11: =+'Indicador 2.4.1_31 departamento'!AB$35 -> 0.51873482 | L11: =+'Indicador 2.4.1_31 departamento'!AE$35 -> 42.906024
B12: Deseable | C12: =+'Indicador 2.4.1_31 departamento'!E$35 -> 30.259843 | D12: =+'Indicador 2.4.1_31 departamento'!H$35 -> 4.7039946 | E12: =+'Indicador 2.4.1_31 departamento'!K$35 -> 94.285392 | F12: =+'Indicador 2.4.1_31 departamento'!N$35 -> 87.27677 | G12: =+'Indicador 2.4.1_31 departamento'!Q$35 -> 26.494395 | H12: =+'Indicador 2.4.1_31 departamento'!T$35 -> 52.483902 | I12: =+'Indicador 2.4.1_31 departamento'!W$35 -> 42.475587 | J12: =+'Indicador 2.4.1_31 departamento'!Z$35 -> 71.153874 | K12: =+'Indicador 2.4.1_31 departamento'!AC$35 -> 99.481265 | L12: =+'Indicador 2.4.1_31 departamento'!AF$35 -> 50.417213
N21: De acuerdo con el Subindicador 6, el 65,4% % de la superficie agrícola del departamento de Nariño se califica como insostenible.

Sheet Tablero_Valle Del Cauca _2.4.1
N1: Regresar al índice
A3: Encuesta Nacional Agropecuaria ENA
A5: Objetivo Desarrollo Sostenible (ODS), indicador 2.4.1 Proporción de la superficie agrícola en que se practica una agricultura productiva y sostenible.
A6: Región Pacífica_Valle Del Cauca
A7: 2023
B9: Porcentaje de superficie agrícola | C9: Subindicador 2. Ingresos agrícolas netos | D9: Subindicador 3. Mecanismos de mitigación de riesgos | E9: Subindicador 4. Prevalencia de la degradación del suelo | F9: Subindicador 5. Variación en la disponibilidad de agua | G9: Subindicador 6. Gestión de fertilizantes | H9: Subindicador 7. Gestión de plaguicidas | I9: Subindicador 8. Uso de prácticas respetuosas con la biodiversidad agrícola | J9: Subindicador 9. Escala de salarios en la agricultura | K9: Subindicador 10. Escala de experiencia de la inseguridad alimentaria | L9: Subindicador 11. Seguridad de los derechos de tenencia de la tierra
B10: Insostenible | C10: =+'Indicador 2.4.1_31 departamento'!C$36 -> 7.4613955 | D10: =+'Indicador 2.4.1_31 departamento'!F$36 -> 55.765596 | E10: =+'Indicador 2.4.1_31 departamento'!I$36 -> 3.7117496 | F10: =+'Indicador 2.4.1_31 departamento'!L$36 -> 17.519868 | G10: =+'Indicador 2.4.1_31 departamento'!O$36 -> 28.609665 | H10: =+'Indicador 2.4.1_31 departamento'!R$36 -> 10.082623 | I10: =+'Indicador 2.4.1_31 departamento'!U$36 -> 0.1130098 | J10: =+'Indicador 2.4.1_31 departamento'!X$36 -> 72.979143 | K10: =+'Indicador 2.4.1_31 departamento'!AA$36 -> 4.6227274e-05 | L10: =+'Indicador 2.4.1_31 departamento'!AD$36 -> 20.553277
B11: Aceptable | C11: =+'Indicador 2.4.1_31 departamento'!D$36 -> 39.106816 | D11: =+'Indicador 2.4.1_31 departamento'!G$36 -> 38.064717 | E11: =+'Indicador 2.4.1_31 departamento'!J$36 -> 11.626318 | F11: =+'Indicador 2.4.1_31 departamento'!M$36 -> 8.9294697 | G11: =+'Indicador 2.4.1_31 departamento'!P$36 -> 25.555697 | H11: =+'Indicador 2.4.1_31 departamento'!S$36 -> 20.292173 | I11: =+'Indicador 2.4.1_31 departamento'!V$36 -> 46.695639 | J11: =+'Indicador 2.4.1_31 departamento'!Y$36 -> 0.13879306 | K11: =+'Indicador 2.4.1_31 departamento'!AB$36 -> 0.13932034 | L11: =+'Indicador 2.4.1_31 departamento'!AE$36 -> 12.847573
B12: Deseable | C12: =+'Indicador 2.4.1_31 departamento'!E$36 -> 53.431789 | D12: =+'Indicador 2.4.1_31 departamento'!H$36 -> 6.169687 | E12: =+'Indicador 2.4.1_31 departamento'!K$36 -> 84.661932 | F12: =+'Indicador 2.4.1_31 departamento'!N$36 -> 73.550662 | G12: =+'Indicador 2.4.1_31 departamento'!Q$36 -> 45.834638 | H12: =+'Indicador 2.4.1_31 departamento'!T$36 -> 69.625204 | I12: =+'Indicador 2.4.1_31 departamento'!W$36 -> 53.191351 | J12: =+'Indicador 2.4.1_31 departamento'!Z$36 -> 26.882064 | K12: =+'Indicador 2.4.1_31 departamento'!AC$36 -> 99.860633 | L12: =+'Indicador 2.4.1_31 departamento'!AF$36 -> 66.599149
N19: De acuerdo con el Subindicador 9, 73,0 % de la superficie agrícola del departamento del Valle del cauca se califica como insostenible.

Sheet Tablero_Arauca _2.4.1
N1: Regresar al índice
A3: Encuesta Nacional Agropecuaria ENA
A5: Objetivo Desarrollo Sostenible (ODS), indicador 2.4.1 Proporción de la superficie agrícola en que se practica una agricultura productiva y sostenible.
A6: Región Orinoquía_Arauca
A7: 2023
B9: Porcentaje de superficie agrícola | C9: Subindicador 2. Ingresos agrícolas netos | D9: Subindicador 3. Mecanismos de mitigación de riesgos | E9: Subindicador 4. Prevalencia de la degradación del suelo | F9: Subindicador 5. Variación en la disponibilidad de agua | G9: Subindicador 6. Gestión de fertilizantes | H9: Subindicador 7. Gestión de plaguicidas | I9: Subindicador 8. Uso de prácticas respetuosas con la biodiversidad agrícola | J9: Subindicador 9. Escala de salarios en la agricultura | K9: Subindicador 10. Escala de experiencia de la inseguridad alimentaria | L9: Subindicador 11. Seguridad de los derechos de tenencia de la tierra
B10: Insostenible | C10: =+'Indicador 2.4.1_31 departamento'!C$38 -> 5.2283044 | D10: =+'Indicador 2.4.1_31 departamento'!F$38 -> 84.529575 | E10: =+'Indicador 2.4.1_31 departamento'!I$38 -> 7.1541727 | F10: =+'Indicador 2.4.1_31 departamento'!L$38 -> 0.31970282 | G10: =+'Indicador 2.4.1_31 departamento'!O$38 -> 22.643825 | H10: =+'Indicador 2.4.1_31 departamento'!R$38 -> 51.36609 | I10: =+'Indicador 2.4.1_31 departamento'!U$38 -> 0.35053902 | J10: =+'Indicador 2.4.1_31 departamento'!X$38 -> 70.434033 | K10: =+'Indicador 2.4.1_31 departamento'!AA$38 -> 0 | L10: =+'Indicador 2.4.1_31 departamento'!AD$38 -> 1.8939341
B11: Aceptable | C11: =+'Indicador 2.4.1_31 departamento'!D$38 -> 40.971881 | D11: =+'Indicador 2.4.1_31 departamento'!G$38 -> 15.054346 | E11: =+'Indicador 2.4.1_31 departamento'!J$38 -> 4.5889895 | F11: =+'Indicador 2.4.1_31 departamento'!M$38 -> 0.031534545 | G11: =+'Indicador 2.4.1_31 departamento'!P$38 -> 1.5890048 | H11: =+'Indicador 2.4.1_31 departamento'!S$38 -> 8.4506553 | I11: =+'Indicador 2.4.1_31 departamento'!V$38 -> 47.133559 | J11: =+'Indicador 2.4.1_31 departamento'!Y$38 -> 12.785923 | K11: =+'Indicador 2.4.1_31 departamento'!AB$38 -> 1.2320581 | L11: =+'Indicador 2.4.1_31 departamento'!AE$38 -> 43.206377
B12: Deseable | C12: =+'Indicador 2.4.1_31 departamento'!E$38 -> 53.799814 | D12: =+'Indicador 2.4.1_31 departamento'!H$38 -> 0.41607907 | E12: =+'Indicador 2.4.1_31 departamento'!K$38 -> 88.256838 | F12: =+'Indicador 2.4.1_31 departamento'!N$38 -> 99.648763 | G12: =+'Indicador 2.4.1_31 departamento'!Q$38 -> 75.76717 | H12: =+'Indicador 2.4.1_31 departamento'!T$38 -> 40.183255 | I12: =+'Indicador 2.4.1_31 departamento'!W$38 -> 52.515902 | J12: =+'Indicador 2.4.1_31 departamento'!Z$38 -> 16.780044 | K12: =+'Indicador 2.4.1_31 departamento'!AC$38 -> 98.767942 | L12: =+'Indicador 2.4.1_31 departamento'!AF$38 -> 54.899689
N17: De acuerdo con el Subindicador 3, el 84,5 % de la superficie agrícola del departamentode Arauca se califica como insostenible.

Sheet Tablero_Casanare _2.4.1
N1: Regresar al índice
A3: Encuesta Nacional Agropecuaria ENA
A5: Objetivo Desarrollo Sostenible (ODS), indicador 2.4.1 Proporción de la superficie agrícola en que se practica una agricultura productiva y sostenible.
A6: Región Orinoquía_Casanare
A7: 2023
B9: Porcentaje de superficie agrícola | C9: Subindicador 2. Ingresos agrícolas netos | D9: Subindicador 3. Mecanismos de mitigación de riesgos | E9: Subindicador 4. Prevalencia de la degradación del suelo | F9: Subindicador 5. Variación en la disponibilidad de agua | G9: Subindicador 6. Gestión de fertilizantes | H9: Subindicador 7. Gestión de plaguicidas | I9: Subindicador 8. Uso de prácticas respetuosas con la biodiversidad agrícola | J9: Subindicador 9. Escala de salarios en la agricultura | K9: Subindicador 10. Escala de experiencia de la inseguridad alimentaria | L9: Subindicador 11. Seguridad de los derechos de tenencia de la tierra
B10: Insostenible | C10: 5.2283044 | D10: 84.529575 | E10: 7.1541727 | F10: 0.31970282 | G10: 22.643825 | H10: 51.36609 | I10: 0.35053902 | J10: 70.434033 | K10: 0 | L10: 1.8939341
B11: Aceptable | C11: 40.971881 | D11: 15.054346 | E11: 4.5889895 | F11: 0.031534545 | G11: 1.5890048 | H11: 8.4506553 | I11: 47.133559 | J11: 12.785923 | K11: 1.2320581 | L11: 43.206377
B12: Deseable | C12: 53.799814 | D12: 0.41607907 | E12: 88.256838 | F12: 99.648763 | G12: 75.76717 | H12: 40.183255 | I12: 52.515902 | J12: 16.780044 | K12: 98.767942 | L12: 54.899689
M18: De acuerdo con el Subindicador 3, el 84,5 % de la superficie agrícola del departamento de Casanare se califica como insostenible.

Sheet Tablero_Meta _2.4.1
N1: Regresar al índice
A3: Encuesta Nacional Agropecuaria ENA
A5: Objetivo Desarrollo Sostenible (ODS), indicador 2.4.1 Proporción de la superficie agrícola en que se practica una agricultura productiva y sostenible.
A6: Región Orinoquía_Meta
A7: 2023
B9: Porcentaje de superficie agrícola | C9: Subindicador 2. Ingresos agrícolas netos | D9: Subindicador 3. Mecanismos de mitigación de riesgos | E9: Subindicador 4. Prevalencia de la degradación del suelo | F9: Subindicador 5. Variación en la disponibilidad de agua | G9: Subindicador 6. Gestión de fertilizantes | H9: Subindicador 7. Gestión de plaguicidas | I9: Subindicador 8. Uso de prácticas respetuosas con la biodiversidad agrícola | J9: Subindicador 9. Escala de salarios en la agricultura | K9: Subindicador 10. Escala de experiencia de la inseguridad alimentaria | L9: Subindicador 11. Seguridad de los derechos de tenencia de la tierra
B10: Insostenible | C10: =+'Indicador 2.4.1_31 departamento'!C$40 -> 14.653628 | D10: =+'Indicador 2.4.1_31 departamento'!F$40 -> 81.089582 | E10: =+'Indicador 2.4.1_31 departamento'!I$40 -> 2.6750737 | F10: =+'Indicador 2.4.1_31 departamento'!L$40 -> 2.1288293 | G10: =+'Indicador 2.4.1_31 departamento'!O$40 -> 25.948371 | H10: =+'Indicador 2.4.1_31 departamento'!R$40 -> 51.002543 | I10: =+'Indicador 2.4.1_31 departamento'!U$40 -> 0.44280765 | J10: =+'Indicador 2.4.1_31 departamento'!X$40 -> 58.089651 | K10: =+'Indicador 2.4.1_31 departamento'!AA$40 -> 0.0055156718 | L10: =+'Indicador 2.4.1_31 departamento'!AD$40 -> 19.277801
B11: Aceptable | C11: =+'Indicador 2.4.1_31 departamento'!D$40 -> 31.853726 | D11: =+'Indicador 2.4.1_31 departamento'!G$40 -> 17.5953 | E11: =+'Indicador 2.4.1_31 departamento'!J$40 -> 2.3520193 | F11: =+'Indicador 2.4.1_31 departamento'!M$40 -> 0.18266231 | G11: =+'Indicador 2.4.1_31 departamento'!P$40 -> 7.6340476 | H11: =+'Indicador 2.4.1_31 departamento'!S$40 -> 25.563133 | I11: =+'Indicador 2.4.1_31 departamento'!V$40 -> 45.396641 | J11: =+'Indicador 2.4.1_31 departamento'!Y$40 -> 0.64680104 | K11: =+'Indicador 2.4.1_31 departamento'!AB$40 -> 0.029435024 | L11: =+'Indicador 2.4.1_31 departamento'!AE$40 -> 17.885578
B12: Deseable | C12: =+'Indicador 2.4.1_31 departamento'!E$40 -> 53.492646 | D12: =+'Indicador 2.4.1_31 departamento'!H$40 -> 1.3151176 | E12: =+'Indicador 2.4.1_31 departamento'!K$40 -> 94.972907 | F12: =+'Indicador 2.4.1_31 departamento'!N$40 -> 97.688508 | G12: =+'Indicador 2.4.1_31 departamento'!Q$40 -> 66.417581 | H12: =+'Indicador 2.4.1_31 departamento'!T$40 -> 23.434324 | I12: =+'Indicador 2.4.1_31 departamento'!W$40 -> 54.160551 | J12: =+'Indicador 2.4.1_31 departamento'!Z$40 -> 41.263548 | K12: =+'Indicador 2.4.1_31 departamento'!AC$40 -> 99.965049 | L12: =+'Indicador 2.4.1_31 departamento'!AF$40 -> 62.836621
N18: De acuerdo con el Subindicador 3, el 81,1 % de la superficie agrícola del departamento de Meta se califica como insostenible.

Sheet Tablero_Vichada _2.4.1
N1: Regresar al índice
A3: Encuesta Nacional Agropecuaria ENA
A5: Objetivo Desarrollo Sostenible (ODS), indicador 2.4.1 Proporción de la superficie agrícola en que se practica una agricultura productiva y sostenible.
A6: Región Orinoquía_Vichada
A7: 2023
B9: Porcentaje de superficie agrícola | C9: Subindicador 2. Ingresos agrícolas netos | D9: Subindicador 3. Mecanismos de mitigación de riesgos | E9: Subindicador 4. Prevalencia de la degradación del suelo | F9: Subindicador 5. Variación en la disponibilidad de agua | G9: Subindicador 6. Gestión de fertilizantes | H9: Subindicador 7. Gestión de plaguicidas | I9: Subindicador 8. Uso de prácticas respetuosas con la biodiversidad agrícola | J9: Subindicador 9. Escala de salarios en la agricultura | K9: Subindicador 10. Escala de experiencia de la inseguridad alimentaria | L9: Subindicador 11. Seguridad de los derechos de tenencia de la tierra
B10: Insostenible | C10: =+'Indicador 2.4.1_31 departamento'!C$41 -> 30.719603 | D10: =+'Indicador 2.4.1_31 departamento'!F$41 -> 74.364067 | E10: =+'Indicador 2.4.1_31 departamento'!I$41 -> 0.17767914 | F10: =+'Indicador 2.4.1_31 departamento'!L$41 -> 0 | G10: =+'Indicador 2.4.1_31 departamento'!O$41 -> 17.39858 | H10: =+'Indicador 2.4.1_31 departamento'!R$41 -> 21.013439 | I10: =+'Indicador 2.4.1_31 departamento'!U$41 -> 0 | J10: =+'Indicador 2.4.1_31 departamento'!X$41 -> 58.077621 | K10: =+'Indicador 2.4.1_31 departamento'!AA$41 -> 0.044168957 | L10: =+'Indicador 2.4.1_31 departamento'!AD$41 -> 19.270716
B11: Aceptable | C11: =+'Indicador 2.4.1_31 departamento'!D$41 -> 43.379579 | D11: =+'Indicador 2.4.1_31 departamento'!G$41 -> 25.519602 | E11: =+'Indicador 2.4.1_31 departamento'!J$41 -> 0.034670724 | F11: =+'Indicador 2.4.1_31 departamento'!M$41 -> 0 | G11: =+'Indicador 2.4.1_31 departamento'!P$41 -> 0.20671703 | H11: =+'Indicador 2.4.1_31 departamento'!S$41 -> 31.941308 | I11: =+'Indicador 2.4.1_31 departamento'!V$41 -> 7.8162919 | J11: =+'Indicador 2.4.1_31 departamento'!Y$41 -> 0.055451588 | K11: =+'Indicador 2.4.1_31 departamento'!AB$41 -> 0.0012590377 | L11: =+'Indicador 2.4.1_31 departamento'!AE$41 -> 49.473185
B12: Deseable | C12: =+'Indicador 2.4.1_31 departamento'!E$41 -> 25.900818 | D12: =+'Indicador 2.4.1_31 departamento'!H$41 -> 0.11633074 | E12: =+'Indicador 2.4.1_31 departamento'!K$41 -> 99.78765 | F12: =+'Indicador 2.4.1_31 departamento'!N$41 -> 100 | G12: =+'Indicador 2.4.1_31 departamento'!Q$41 -> 82.394703 | H12: =+'Indicador 2.4.1_31 departamento'!T$41 -> 47.045253 | I12: =+'Indicador 2.4.1_31 departamento'!W$41 -> 92.183708 | J12: =+'Indicador 2.4.1_31 departamento'!Z$41 -> 41.866928 | K12: =+'Indicador 2.4.1_31 departamento'!AC$41 -> 99.954572 | L12: =+'Indicador 2.4.1_31 departamento'!AF$41 -> 31.256098
N20: De acuerdo con el Subindicador 3, el 74,4 % de la superficie agrícola del departamento de Vichada se califica como insostenible.

Sheet Tablero_Amazonas_2.4.1
N1: Regresar al índice
A3: Encuesta Nacional Agropecuaria ENA
A5: Objetivo Desarrollo Sostenible (ODS), indicador 2.4.1 Proporción de la superficie agrícola en que se practica una agricultura productiva y sostenible.
A6: Región Amazonía_Amazona
A7: 2023
B9: Porcentaje de superficie agrícola | C9: Subindicador 2. Ingresos agrícolas netos | D9: Subindicador 3. Mecanismos de mitigación de riesgos | E9: Subindicador 4. Prevalencia de la degradación del suelo | F9: Subindicador 5. Variación en la disponibilidad de agua | G9: Subindicador 6. Gestión de fertilizantes | H9: Subindicador 7. Gestión de plaguicidas | I9: Subindicador 8. Uso de prácticas respetuosas con la biodiversidad agrícola | J9: Subindicador 9. Escala de salarios en la agricultura | K9: Subindicador 10. Escala de experiencia de la inseguridad alimentaria | L9: Subindicador 11. Seguridad de los derechos de tenencia de la tierra
B10: Insostenible | C10: =+'Indicador 2.4.1_31 departamento'!C$43 -> 14.92972 | D10: =+'Indicador 2.4.1_31 departamento'!F$43 -> 13.02836 | E10: =+'Indicador 2.4.1_31 departamento'!I$43 -> 5.0013796 | F10: =+'Indicador 2.4.1_31 departamento'!L$43 -> 0 | G10: =+'Indicador 2.4.1_31 departamento'!O$43 -> 0.81820617 | H10: =+'Indicador 2.4.1_31 departamento'!R$43 -> 4.4284842 | I10: =+'Indicador 2.4.1_31 departamento'!U$43 -> 0 | J10: =+'Indicador 2.4.1_31 departamento'!X$43 -> 11.955377 | K10: =+'Indicador 2.4.1_31 departamento'!AA$43 -> 0.79897284 | L10: =+'Indicador 2.4.1_31 departamento'!AD$43 -> 16.87601
B11: Aceptable | C11: =+'Indicador 2.4.1_31 departamento'!D$43 -> 35.469464 | D11: =+'Indicador 2.4.1_31 departamento'!G$43 -> 86.602969 | E11: =+'Indicador 2.4.1_31 departamento'!J$43 -> 1.8558426 | F11: =+'Indicador 2.4.1_31 departamento'!M$43 -> 0 | G11: =+'Indicador 2.4.1_31 departamento'!P$43 -> 0 | H11: =+'Indicador 2.4.1_31 departamento'!S$43 -> 0 | I11: =+'Indicador 2.4.1_31 departamento'!V$43 -> 88.872195 | J11: =+'Indicador 2.4.1_31 departamento'!Y$43 -> 0 | K11: =+'Indicador 2.4.1_31 departamento'!AB$43 -> 9.2234334 | L11: =+'Indicador 2.4.1_31 departamento'!AE$43 -> 7.6371693
B12: Deseable | C12: =+'Indicador 2.4.1_31 departamento'!E$43 -> 49.600816 | D12: =+'Indicador 2.4.1_31 departamento'!H$43 -> 0.36867111 | E12: =+'Indicador 2.4.1_31 departamento'!K$43 -> 93.142778 | F12: =+'Indicador 2.4.1_31 departamento'!N$43 -> 100 | G12: =+'Indicador 2.4.1_31 departamento'!Q$43 -> 99.181794 | H12: =+'Indicador 2.4.1_31 departamento'!T$43 -> 95.571516 | I12: =+'Indicador 2.4.1_31 departamento'!W$43 -> 11.127805 | J12: =+'Indicador 2.4.1_31 departamento'!Z$43 -> 88.044623 | K12: =+'Indicador 2.4.1_31 departamento'!AC$43 -> 89.977594 | L12: =+'Indicador 2.4.1_31 departamento'!AF$43 -> 75.486821
N29: De acuerdo con el Subindicador 11, el 16,9 % de la superficie agrícola del departamento de Amazona se califica como insostenible.

Sheet Tablero_Caquetá _2.4.1
N1: Regresar al índice
A3: Encuesta Nacional Agropecuaria ENA
A5: Objetivo Desarrollo Sostenible (ODS), indicador 2.4.1 Proporción de la superficie agrícola en que se practica una agricultura productiva y sostenible.
A6: Región Amazonía_Caquetá
A7: 2023
B9: Porcentaje de superficie agrícola | C9: Subindicador 2. Ingresos agrícolas netos | D9: Subindicador 3. Mecanismos de mitigación de riesgos | E9: Subindicador 4. Prevalencia de la degradación del suelo | F9: Subindicador 5. Variación en la disponibilidad de agua | G9: Subindicador 6. Gestión de fertilizantes | H9: Subindicador 7. Gestión de plaguicidas | I9: Subindicador 8. Uso de prácticas respetuosas con la biodiversidad agrícola | J9: Subindicador 9. Escala de salarios en la agricultura | K9: Subindicador 10. Escala de experiencia de la inseguridad alimentaria | L9: Subindicador 11. Seguridad de los derechos de tenencia de la tierra
B10: Insostenible | C10: =+'Indicador 2.4.1_31 departamento'!C$44 -> 80.988634 | D10: =+'Indicador 2.4.1_31 departamento'!F$44 -> 96.753778 | E10: =+'Indicador 2.4.1_31 departamento'!I$44 -> 1.0088806 | F10: =+'Indicador 2.4.1_31 departamento'!L$44 -> 0.31879017 | G10: =+'Indicador 2.4.1_31 departamento'!O$44 -> 3.4884539 | H10: =+'Indicador 2.4.1_31 departamento'!R$44 -> 87.365071 | I10: =+'Indicador 2.4.1_31 departamento'!U$44 -> 0 | J10: =+'Indicador 2.4.1_31 departamento'!X$44 -> 7.1633902 | K10: =+'Indicador 2.4.1_31 departamento'!AA$44 -> 0 | L10: =+'Indicador 2.4.1_31 departamento'!AD$44 -> 3.8458607
B11: Aceptable | C11: =+'Indicador 2.4.1_31 departamento'!D$44 -> 9.0779186 | D11: =+'Indicador 2.4.1_31 departamento'!G$44 -> 3.1454312 | E11: =+'Indicador 2.4.1_31 departamento'!J$44 -> 1.4139704 | F11: =+'Indicador 2.4.1_31 departamento'!M$44 -> 0.31272077 | G11: =+'Indicador 2.4.1_31 departamento'!P$44 -> 0 | H11: =+'Indicador 2.4.1_31 departamento'!S$44 -> 1.4170324 | I11: =+'Indicador 2.4.1_31 departamento'!V$44 -> 84.779052 | J11: =+'Indicador 2.4.1_31 departamento'!Y$44 -> 0.4800138 | K11: =+'Indicador 2.4.1_31 departamento'!AB$44 -> 0 | L11: =+'Indicador 2.4.1_31 departamento'!AE$44 -> 5.2669783
B12: Deseable | C12: =+'Indicador 2.4.1_31 departamento'!E$44 -> 9.9334473 | D12: =+'Indicador 2.4.1_31 departamento'!H$44 -> 0.10079079 | E12: =+'Indicador 2.4.1_31 departamento'!K$44 -> 97.577149 | F12: =+'Indicador 2.4.1_31 departamento'!N$44 -> 99.368489 | G12: =+'Indicador 2.4.1_31 departamento'!Q$44 -> 96.511546 | H12: =+'Indicador 2.4.1_31 departamento'!T$44 -> 11.217896 | I12: =+'Indicador 2.4.1_31 departamento'!W$44 -> 15.220948 | J12: =+'Indicador 2.4.1_31 departamento'!Z$44 -> 92.356596 | K12: =+'Indicador 2.4.1_31 departamento'!AC$44 -> 100 | L12: =+'Indicador 2.4.1_31 departamento'!AF$44 -> 90.887161
N17: De acuerdo con el Subindicador 3, el 96,8 % de la superficie agrícola del departamento de Caquetá se califica como insostenible.

Sheet Tablero_Guainía_2.4.1
N1: Regresar al índice
A3: Encuesta Nacional Agropecuaria ENA
A5: Objetivo Desarrollo Sostenible (ODS), indicador 2.4.1 Proporción de la superficie agrícola en que se practica una agricultura productiva y sostenible.
A6: Región Amazonía_Guanía
A7: 2023
B9: Porcentaje de superficie agrícola | C9: Subindicador 2. Ingresos agrícolas netos | D9: Subindicador 3. Mecanismos de mitigación de riesgos | E9: Subindicador 4. Prevalencia de la degradación del suelo | F9: Subindicador 5. Variación en la disponibilidad de agua | G9: Subindicador 6. Gestión de fertilizantes | H9: Subindicador 7. Gestión de plaguicidas | I9: Subindicador 8. Uso de prácticas respetuosas con la biodiversidad agrícola | J9: Subindicador 9. Escala de salarios en la agricultura | K9: Subindicador 10. Escala de experiencia de la inseguridad alimentaria | L9: Subindicador 11. Seguridad de los derechos de tenencia de la tierra
B10: Insostenible | C10: =+'Indicador 2.4.1_31 departamento'!C$45 -> 3.7358241 | D10: =+'Indicador 2.4.1_31 departamento'!F$45 -> 20.154864 | E10: =+'Indicador 2.4.1_31 departamento'!I$45 -> 6.1141531 | F10: =+'Indicador 2.4.1_31 departamento'!L$45 -> 0 | G10: =+'Indicador 2.4.1_31 departamento'!O$45 -> 24.902549 | H10: =+'Indicador 2.4.1_31 departamento'!R$45 -> 13.455601 | I10: =+'Indicador 2.4.1_31 departamento'!U$45 -> 0 | J10: =+'Indicador 2.4.1_31 departamento'!X$45 -> 0.81688981 | K10: =+'Indicador 2.4.1_31 departamento'!AA$45 -> 0 | L10: =+'Indicador 2.4.1_31 departamento'!AD$45 -> 0
B11: Aceptable | C11: =+'Indicador 2.4.1_31 departamento'!D$45 -> 53.83506 | D11: =+'Indicador 2.4.1_31 departamento'!G$45 -> 79.845136 | E11: =+'Indicador 2.4.1_31 departamento'!J$45 -> 0 | F11: =+'Indicador 2.4.1_31 departamento'!M$45 -> 0 | G11: =+'Indicador 2.4.1_31 departamento'!P$45 -> 6.1682286 | H11: =+'Indicador 2.4.1_31 departamento'!S$45 -> 4.637208 | I11: =+'Indicador 2.4.1_31 departamento'!V$45 -> 68.498704 | J11: =+'Indicador 2.4.1_31 departamento'!Y$45 -> 6.5864059 | K11: =+'Indicador 2.4.1_31 departamento'!AB$45 -> 1.6908188 | L11: =+'Indicador 2.4.1_31 departamento'!AE$45 -> 3.0605545
B12: Deseable | C12: =+'Indicador 2.4.1_31 departamento'!E$45 -> 42.429116 | D12: =+'Indicador 2.4.1_31 departamento'!H$45 -> 0 | E12: =+'Indicador 2.4.1_31 departamento'!K$45 -> 93.885847 | F12: =+'Indicador 2.4.1_31 departamento'!N$45 -> 100 | G12: =+'Indicador 2.4.1_31 departamento'!Q$45 -> 68.929222 | H12: =+'Indicador 2.4.1_31 departamento'!T$45 -> 81.907191 | I12: =+'Indicador 2.4.1_31 departamento'!W$45 -> 31.501296 | J12: =+'Indicador 2.4.1_31 departamento'!Z$45 -> 92.596704 | K12: =+'Indicador 2.4.1_31 departamento'!AC$45 -> 98.309181 | L12: =+'Indicador 2.4.1_31 departamento'!AF$45 -> 96.939446
N27: De acuerdo con el Subindicador 6, el 24,9 % de la superficie agrícola del departamento de Guanía se califica como insostenible.

Sheet Tablero_Guaviare_2.4.1
N1: Regresar al índice
A3: Encuesta Nacional Agropecuaria ENA
A5: Objetivo Desarrollo Sostenible (ODS), indicador 2.4.1 Proporción de la superficie agrícola en que se practica una agricultura productiva y sostenible.
A6: Región Amazonía_Guaviare
A7: 2023
B9: Porcentaje de superficie agrícola | C9: Subindicador 2. Ingresos agrícolas netos | D9: Subindicador 3. Mecanismos de mitigación de riesgos | E9: Subindicador 4. Prevalencia de la degradación del suelo | F9: Subindicador 5. Variación en la disponibilidad de agua | G9: Subindicador 6. Gestión de fertilizantes | H9: Subindicador 7. Gestión de plaguicidas | I9: Subindicador 8. Uso de prácticas respetuosas con la biodiversidad agrícola | J9: Subindicador 9. Escala de salarios en la agricultura | K9: Subindicador 10. Escala de experiencia de la inseguridad alimentaria | L9: Subindicador 11. Seguridad de los derechos de tenencia de la tierra
B10: Insostenible | C10: =+'Indicador 2.4.1_31 departamento'!C$46 -> 8.3936847 | D10: =+'Indicador 2.4.1_31 departamento'!F$46 -> 81.214388 | E10: =+'Indicador 2.4.1_31 departamento'!I$46 -> 0.10744818 | F10: =+'Indicador 2.4.1_31 departamento'!L$46 -> 0 | G10: =+'Indicador 2.4.1_31 departamento'!O$46 -> 27.109223 | H10: =+'Indicador 2.4.1_31 departamento'!R$46 -> 60.622238 | I10: =+'Indicador 2.4.1_31 departamento'!U$46 -> 0.19319866 | J10: =+'Indicador 2.4.1_31 departamento'!X$46 -> 47.126768 | K10: =+'Indicador 2.4.1_31 departamento'!AA$46 -> 0 | L10: =+'Indicador 2.4.1_31 departamento'!AD$46 -> 8.5464914
B11: Aceptable | C11: =+'Indicador 2.4.1_31 departamento'!D$46 -> 15.65246 | D11: =+'Indicador 2.4.1_31 departamento'!G$46 -> 18.451785 | E11: =+'Indicador 2.4.1_31 departamento'!J$46 -> 0 | F11: =+'Indicador 2.4.1_31 departamento'!M$46 -> 0 | G11: =+'Indicador 2.4.1_31 departamento'!P$46 -> 0.95559416 | H11: =+'Indicador 2.4.1_31 departamento'!S$46 -> 4.2529803 | I11: =+'Indicador 2.4.1_31 departamento'!V$46 -> 47.426897 | J11: =+'Indicador 2.4.1_31 departamento'!Y$46 -> 7.6746918 | K11: =+'Indicador 2.4.1_31 departamento'!AB$46 -> 0.36507709 | L11: =+'Indicador 2.4.1_31 departamento'!AE$46 -> 73.355613
B12: Deseable | C12: =+'Indicador 2.4.1_31 departamento'!E$46 -> 75.953856 | D12: =+'Indicador 2.4.1_31 departamento'!H$46 -> 0.33382728 | E12: =+'Indicador 2.4.1_31 departamento'!K$46 -> 99.892552 | F12: =+'Indicador 2.4.1_31 departamento'!N$46 -> 100 | G12: =+'Indicador 2.4.1_31 departamento'!Q$46 -> 71.935183 | H12: =+'Indicador 2.4.1_31 departamento'!T$46 -> 35.124782 | I12: =+'Indicador 2.4.1_31 departamento'!W$46 -> 52.379905 | J12: =+'Indicador 2.4.1_31 departamento'!Z$46 -> 45.19854 | K12: =+'Indicador 2.4.1_31 departamento'!AC$46 -> 99.634923 | L12: =+'Indicador 2.4.1_31 departamento'!AF$46 -> 18.097896
M18: De acuerdo con el Subindicador 3, el 81,2 % de la superficie agrícola del departamento de Guaviare se califica como insostenible.

Sheet Tablero_Putumayo _2.4.1
N1: Regresar al índice
A3: Encuesta Nacional Agropecuaria ENA
A5: Objetivo Desarrollo Sostenible (ODS), indicador 2.4.1 Proporción de la superficie agrícola en que se practica una agricultura productiva y sostenible.
A6: Región Amazonía_Putumayo
A7: 2023
B9: Porcentaje de superficie agrícola | C9: Subindicador 2. Ingresos agrícolas netos | D9: Subindicador 3. Mecanismos de mitigación de riesgos | E9: Subindicador 4. Prevalencia de la degradación del suelo | F9: Subindicador 5. Variación en la disponibilidad de agua | G9: Subindicador 6. Gestión de fertilizantes | H9: Subindicador 7. Gestión de plaguicidas | I9: Subindicador 8. Uso de prácticas respetuosas con la biodiversidad agrícola | J9: Subindicador 9. Escala de salarios en la agricultura | K9: Subindicador 10. Escala de experiencia de la inseguridad alimentaria | L9: Subindicador 11. Seguridad de los derechos de tenencia de la tierra
B10: Insostenible | C10: =+'Indicador 2.4.1_31 departamento'!C$47 -> 29.545246 | D10: =+'Indicador 2.4.1_31 departamento'!F$47 -> 69.194391 | E10: =+'Indicador 2.4.1_31 departamento'!I$47 -> 20.058995 | F10: =+'Indicador 2.4.1_31 departamento'!L$47 -> 0.24575036 | G10: =+'Indicador 2.4.1_31 departamento'!O$47 -> 17.866691 | H10: =+'Indicador 2.4.1_31 departamento'!R$47 -> 22.519036 | I10: =+'Indicador 2.4.1_31 departamento'!U$47 -> 0 | J10: =+'Indicador 2.4.1_31 departamento'!X$47 -> 40.050557 | K10: =+'Indicador 2.4.1_31 departamento'!AA$47 -> 0 | L10: =+'Indicador 2.4.1_31 departamento'!AD$47 -> 9.0247971
B11: Aceptable | C11: =+'Indicador 2.4.1_31 departamento'!D$47 -> 50.344275 | D11: =+'Indicador 2.4.1_31 departamento'!G$47 -> 30.005818 | E11: =+'Indicador 2.4.1_31 departamento'!J$47 -> 10.894644 | F11: =+'Indicador 2.4.1_31 departamento'!M$47 -> 0 | G11: =+'Indicador 2.4.1_31 departamento'!P$47 -> 13.263947 | H11: =+'Indicador 2.4.1_31 departamento'!S$47 -> 15.540241 | I11: =+'Indicador 2.4.1_31 departamento'!V$47 -> 43.82487 | J11: =+'Indicador 2.4.1_31 departamento'!Y$47 -> 1.8603815 | K11: =+'Indicador 2.4.1_31 departamento'!AB$47 -> 3.6413164 | L11: =+'Indicador 2.4.1_31 departamento'!AE$47 -> 72.72777
B12: Deseable | C12: =+'Indicador 2.4.1_31 departamento'!E$47 -> 20.11048 | D12: =+'Indicador 2.4.1_31 departamento'!H$47 -> 0.79979064 | E12: =+'Indicador 2.4.1_31 departamento'!K$47 -> 69.046361 | F12: =+'Indicador 2.4.1_31 departamento'!N$47 -> 99.75425 | G12: =+'Indicador 2.4.1_31 departamento'!Q$47 -> 68.869363 | H12: =+'Indicador 2.4.1_31 departamento'!T$47 -> 61.940723 | I12: =+'Indicador 2.4.1_31 departamento'!W$47 -> 56.17513 | J12: =+'Indicador 2.4.1_31 departamento'!Z$47 -> 58.089062 | K12: =+'Indicador 2.4.1_31 departamento'!AC$47 -> 96.358684 | L12: =+'Indicador 2.4.1_31 departamento'!AF$47 -> 18.247433
N19: De acuerdo con el Subindicador 3, el 69,2 % de la superficie agrícola del departamento de Putumayo se califica como insostenible.

Sheet Tablero_Vaupes _2.4.1
N1: Regresar al índice
A3: Encuesta Nacional Agropecuaria ENA
A5: Objetivo Desarrollo Sostenible (ODS), indicador 2.4.1 Proporción de la superficie agrícola en que se practica una agricultura productiva y sostenible.
A6: Región Amazonía_Vaupés
A7: 2023
B9: Porcentaje de superficie agrícola | C9: Subindicador 2. Ingresos agrícolas netos | D9: Subindicador 3. Mecanismos de mitigación de riesgos | E9: Subindicador 4. Prevalencia de la degradación del suelo | F9: Subindicador 5. Variación en la disponibilidad de agua | G9: Subindicador 6. Gestión de fertilizantes | H9: Subindicador 7. Gestión de plaguicidas | I9: Subindicador 8. Uso de prácticas respetuosas con la biodiversidad agrícola | J9: Subindicador 9. Escala de salarios en la agricultura | K9: Subindicador 10. Escala de experiencia de la inseguridad alimentaria | L9: Subindicador 11. Seguridad de los derechos de tenencia de la tierra
B10: Insostenible | C10: =+'Indicador 2.4.1_31 departamento'!C$48 -> 5.4903418 | D10: =+'Indicador 2.4.1_31 departamento'!F$48 -> 67.788544 | E10: =+'Indicador 2.4.1_31 departamento'!I$48 -> 4.7215228 | F10: =+'Indicador 2.4.1_31 departamento'!L$48 -> 0 | G10: =+'Indicador 2.4.1_31 departamento'!O$48 -> 18.016036 | H10: =+'Indicador 2.4.1_31 departamento'!R$48 -> 49.877009 | I10: =+'Indicador 2.4.1_31 departamento'!U$48 -> 0 | J10: =+'Indicador 2.4.1_31 departamento'!X$48 -> 15.588108 | K10: =+'Indicador 2.4.1_31 departamento'!AA$48 -> 0 | L10: =+'Indicador 2.4.1_31 departamento'!AD$48 -> 53.790394
B11: Aceptable | C11: =+'Indicador 2.4.1_31 departamento'!D$48 -> 80.120109 | D11: =+'Indicador 2.4.1_31 departamento'!G$48 -> 32.211456 | E11: =+'Indicador 2.4.1_31 departamento'!J$48 -> 11.57255 | F11: =+'Indicador 2.4.1_31 departamento'!M$48 -> 0 | G11: =+'Indicador 2.4.1_31 departamento'!P$48 -> 0 | H11: =+'Indicador 2.4.1_31 departamento'!S$48 -> 14.74346 | I11: =+'Indicador 2.4.1_31 departamento'!V$48 -> 61.867349 | J11: =+'Indicador 2.4.1_31 departamento'!Y$48 -> 9.6974598 | K11: =+'Indicador 2.4.1_31 departamento'!AB$48 -> 0 | L11: =+'Indicador 2.4.1_31 departamento'!AE$48 -> 7.6867717
B12: Deseable | C12: =+'Indicador 2.4.1_31 departamento'!E$48 -> 14.389549 | D12: =+'Indicador 2.4.1_31 departamento'!H$48 -> 0 | E12: =+'Indicador 2.4.1_31 departamento'!K$48 -> 83.705928 | F12: =+'Indicador 2.4.1_31 departamento'!N$48 -> 100 | G12: =+'Indicador 2.4.1_31 departamento'!Q$48 -> 81.983964 | H12: =+'Indicador 2.4.1_31 departamento'!T$48 -> 35.379531 | I12: =+'Indicador 2.4.1_31 departamento'!W$48 -> 38.132651 | J12: =+'Indicador 2.4.1_31 departamento'!Z$48 -> 74.714432 | K12: =+'Indicador 2.4.1_31 departamento'!AC$48 -> 100 | L12: =+'Indicador 2.4.1_31 departamento'!AF$48 -> 38.522834
N20: De acuerdo con el Subindicador 3, el 67,8% % de la superficie agrícola del departamento de Vaupés se califica como insostenible.

Sheet Mapa_Sub2. Ingresos netos agríc
K1: Regresar al índice
A3: Encuesta Nacional Agropecuaria ENA
A5: Subindicador 2 "Ingresos agrícolas netos"
A6: 31 departamentos
A7: 2023
A53: Fuente: DANE, Encuesta Nacional Agropecuaria (ENA).
A54: Notas:
A55: ٠ Ingresos agrícolas netos: indagó si en los últimos 3 años consecutivos con que frecuencIa fue renatable la Unidad de Producción Agropecuaria UPA. Rentable significa que el valor de la producción fue mayor que los costos totales, fijos y variables.
A56: ٠ Corresponde a la información de 31 departamentos, Cundinamarca incluye Bogotá. No se incluye el departamento de Chocó.
A57: Actualizado el 21 de octubre de 2026

Sheet Mapa_Sub3. Mecan_mitigac_riesgo
K1: Regresar al índice
A3: Encuesta Nacional Agropecuaria ENA
A5: Subindicador 3 "Mecanismos de mitigación de riesgos"
A6: 31 departamentos
A7: 2023
A53: Fuente: DANE, Encuesta Nacional Agropecuaria (ENA).
A54: Notas:
A55: ٠ Mecanismos de mitigación de riesgo: preguntó si el productor agropecuario en el último año tuvo acceso o aprovechó crédito agropecuario (formal o informal) o seguro agropecuario contra riesgo.
A56: ٠ Corresponde a la información de 31 departamentos, Cundinamarca incluye Bogotá. No se incluye el departamento de Chocó.
A57: Actualizado el 21 de octubre de 2026

Sheet Mapa_Sub4. Preval_degrad_suelo
K1: Regresar al índice
A3: Encuesta Nacional Agropecuaria ENA
A5: Subindicador 4 "Prevalencia de la degradación del suelo"
A6: 31 departamentos
A7: 2023
A53: Fuente: DANE, Encuesta Nacional Agropecuaria (ENA).
A54: Notas:
A55: ٠ Prevalencia de degradación del suelo: indagó si el productor agropecuario en los últimos 3 años en la UPA ha experimentado amenazas de degradación del suelo como: erosión del suelo, reducción de la fertilidad del suelo, salinización de tierras de regadío, encharcamiento o inundaciones, otro tipo de amenza o ninguna.
A56: ٠ Corresponde a la información de 31 departamentos, Cundinamarca incluye Bogotá. No se incluye el departamento de Chocó.
A57: Actualizado el 21 de octubre de 2026

Sheet Mapa_Sub5.Variac_disponib_agua
L1: Regresar al índice
A3: Encuesta Nacional Agropecuaria ENA
A5: Subindicador 5 "Variación en la disponibilidad de agua"
A6: 31 departamentos
A7: 2023
A53: Fuente: DANE, Encuesta Nacional Agropecuaria (ENA).
A54: Notas:
A55: ٠Variación para la disponibilidad de agua para los cultivos: consultó si el productor agropecuario en los últimos 3 años en la UPA, observó alguna disminución en la disponibilidad de agua para riego en los pozos y otras fuentes hídricas, la existen organizaciones para asignar el agua, si la asignación es adecuada y la razón del porque no es adecuada.
A56: ٠ Corresponde a la información de 31 departamentos, Cundinamarca incluye Bogotá. No se incluye el departamento de Chocó.
A57: Actualizado el 21 de octubre de 2026

Sheet Mapa_Sub6_Gestión_fertilizantes
L1: Regresar al índice
A3: Encuesta Nacional Agropecuaria ENA
A5: Subindicador 6 "Gestión de fertilizantes"
A6: 31 departamentos
A7: 2023
A53: Fuente: DANE, Encuesta Nacional Agropecuaria (ENA).
A54: Notas:
A55: ٠Gestión de fertilizantes: consultó si el productor agropecuario conoce los riesgos ambientales por el uso excesivo o mal uso de los fertilizantes, y el manejo de los fertilizantes químicos
A56: ٠ Corresponde a la información de 31 departamentos, Cundinamarca incluye Bogotá. No se incluye el departamento de Chocó.
A57: Actualizado el 21 de octubre de 2026

Sheet Mapa_Sub7_Gestión_plaguicidas
L1: Regresar al índice
A3: Encuesta Nacional Agropecuaria ENA
A5: Subindicador 7 "Gestión de plaguicidas"
A6: 31 departamentos
A7: 2023
A53: Fuente: DANE, Encuesta Nacional Agropecuaria (ENA).
A54: Notas:
A55: ٠Gestión de plaguicidas: se indagó si el productor agropecuario, en el último año utilizó plaguicidas para la producción agrícola o ganadera, el tipo de plaguicidas (moderadamente o poco peligroso, muy o sumamente peligrosos, no conoce la peligrosidad), el conocimiento de los riesgos para la salud por el uso de plaguicidas y como previene los riesgos asociados al uso de plaguicidas
A56: ٠ Corresponde a la información de 31 departamentos, Cundinamarca incluye Bogotá. No se incluye el departamento de Chocó.
A57: Actualizado el 21 de octubre de 2026

Sheet Mapa_Sub8_Uso_pract_Biodivers
L1: Regresar al índice
A3: Encuesta Nacional Agropecuaria ENA
A5: Subindicador 8 "Uso de prácticas respetuosas con la biodiversidad agrícola"
A6: 31 departamentos
A7: 2023
A53: Fuente: DANE, Encuesta Nacional Agropecuaria (ENA).
A54: Notas:
A55: ٠Uso de prácticas respetuosas con la biodiversidad agrícola: para este indicador se recopilo la información en los capítulos del cuestionario de la ENA 2023 correspondiente al modulo ODS 2.4.1, uso del suelo, actividad agrícola y pecuaria. Esta basado en 6 criterios descriptos este anexo en la hoja "Consideraciones Indicador 2.4.1".
A56: ٠ Corresponde a la información de 31 departamentos, Cundinamarca incluye Bogotá. No se incluye el departamento de Chocó.
A57: Actualizado el 21 de octubre de 2026

Sheet Mapa_Sub9_Escala_salarios_agric
L1: Regresar al índice
A3: Encuesta Nacional Agropecuaria ENA
A5: Subindicador 9 "Escala de salarios en la agricultura"
A6: 31 departamentos
A7: 2023
A53: Fuente: DANE, Encuesta Nacional Agropecuaria (ENA).
A54: Notas:
A55: ٠Escala de salarios en la agricultura: para este indicador se recopilo la información en los capítulos del cuestionario de la ENA 2023. Esta basado en 3 criterios descriptos en este anexo en la hoja "Consideraciones Indicador 2.4.1".
A56: ٠ Corresponde a la información de 31 departamentos, Cundinamarca incluye Bogotá. No se incluye el departamento de Chocó.
A57: Actualizado el 21 de octubre de 2026

Sheet Mapa_Sub10_Escala_inseg_aliment
L1: Regresar al índice
A3: Encuesta Nacional Agropecuaria ENA
A5: Subindicador 10 "Escala de experiencia de la inseguridad alimentaria"
A6: 31 departamentos
A7: 2023
A53: Fuente: DANE, Encuesta Nacional Agropecuaria (ENA).
A54: Notas:
A55: ٠Escala de experiencia de la inseguridad alimentaria: se indagó si durante los últimos 12 meses hubo algún momento en el que el productor o cualquier otro miembro del hogar, debido a la falta de dinero u otros recursos, se preocupó por no tener suficientes alimentos para comer, se preocupó por no tener suficientes alimentos para comer, solo consumió unos pocos tipos de alimentos, tuvo que saltar una comida, comió menos de lo que pensaba, se quedó sin alimento, tuvo hambre, pero no comió debido a la falta de dinero o de otros recursos para conseguir alimentos, no comió en un día entero, ninguna de las anteriores.
A56: ٠ Corresponde a la información de 31 departamentos, Cundinamarca incluye Bogotá. No se incluye el departamento de Chocó.
A57: Actualizado el 21 de octubre de 2026

Sheet Mapa_Sub11_Seg_derec_ten_tierra
L1: Regresar al índice
A3: Encuesta Nacional Agropecuaria ENA
A5: Subindicador 11 "Seguridad de los derechos de tenencia de la tierra"
A6: 31 departamentos
A7: 2023
A53: Fuente: DANE, Encuesta Nacional Agropecuaria (ENA).
A54: Notas:
A55: ٠Seguridad de los derechos de tenencia de la tierra: se preguntó por, cuál es la forma de tenencia predominante de la UPA o de la EA, si contaba con un acuerdo verbal o escrito, con que tipo de documento contaba, quién aparcecia en el documento, si el productor tenía derecho a vender o a transmitir por herenciala UPA.
A56: ٠ Corresponde a la información de 31 departamentos, Cundinamarca incluye Bogotá. No se incluye el departamento de Chocó.
A57: Actualizado el 21 de octubre de 2026
